 Dungeon Crawl Stone Soup version 0.31-a0-217-g58bb5d79cf (webtiles) character file.

Game seed: 15749753719193249569

487584 qw the Conqueror (level 23, 0/240 HPs)
             Began as a Minotaur Hexslinger on July 2, 2023.
             Was an Elder of Okawaru.
             Succumbed to a yellow draconian annihilator's poison arrow
             ... on level 2 of the Realm of Zot.
             The game lasted 00:26:03 (49438 turns).

qw the Conqueror (Minotaur Hexslinger)             Turns: 49438, Time: 00:26:04

Health: 0/240      AC: 23    Str: 16    XL:     23   Next: 53%
Magic:  33/33      EV: 36    Int: 12    God:    Okawaru [****..]
Gold:   870        SH:  0    Dex: 27    Spells: 23/24 levels left

rFire   . . .        Y - +8 longbow (flame)
rCold   + + .        (shield currently unavailable)
rNeg    . . .        r - +4 ring mail of the Mind {rElec rC+ Slay+6 Stlth+}
rPois   .            m - +2 hat
rElec   +            e - +2 cloak
rCorr   .            A - +2 pair of gloves "Cyminn" {Will+}
SInv    +            d - +2 pair of boots
Will    ++++.        x - amulet "Ceigh" {Faith rC+ Int+2}
Stlth   ++++         j - ring of Rotakkayst {Will++ Slay+5 SInv}
HPRegen 0.60/turn    s - +6 ring of dexterity
MPRegen 0.23/turn

%: faith
@: lethally poisoned (0 -> -15), about to teleport, heroic, corroded, unable to
drink
A: horns 2, retaliatory headbutt, talons 1, deformed body, subdued magic 1,
inability to drink after injury 1
}: 3/15 runes: serpentine, barnacled, silver
a: Renounce Religion, Heroism, Finesse


You were on level 2 of the Realm of Zot.
You worshipped Okawaru.
Okawaru was greatly pleased with you.
You visited 8 branches of the dungeon, and saw 41 of its levels.

You collected 6383 gold pieces.
You spent 5513 gold pieces at shops.


Innate Abilities, Weirdness & Mutations

You have a pair of horns on your head.
You reflexively headbutt those who attack you in melee.
You have sharp toenails.
Armour fits poorly on your strangely shaped body.
Your spells are a little easier to cast, but a little less powerful.
You occasionally lose the ability to drink potions when taking damage.


   Skills:
 O Level 27 Fighting
 - Level 22.0(27) Ranged Weapons
 - Level 22.0(27) Armour
 - Level 22.0(27) Dodging
 - Level 1.0 Spellcasting
 - Level 2.0 Hexes
 + Level 15.6 Invocations


You had 23 spell levels left.
You knew the following spells:

 Your Spells              Type           Power      Damage    Failure   Level
a - Slow                  Hex            16%        N/A       14%         1

Your spell library contained the following spells:

 Spells                   Type           Power      Damage    Failure   Level
 Inner Flame              Hex/Fire       2%         N/A       54%         3
 Portal Projectile        Hex/Tloc       4%         N/A       54%         3
 Cause Fear               Hex            2%         N/A       83%         4

Inventory:

Hand Weapons
 Y - a +8 longbow of flaming (weapon)
Armour
 d - a +2 pair of boots (worn)
 e - a +2 cloak (worn)
 k - the scarf of Love and Death {rC+ rF+, Harm rN+ Will+}
   (You found it on level 14 of the Dungeon)

   rN:        It protects you from negative energy.
   Harm:      It increases damage dealt and taken.
   Will:      It increases your willpower.
 m - a +2 hat (worn)
 r - the +4 ring mail of the Mind (worn) {rElec rC+ Slay+6 Stlth+}
   (You bought it in a shop on level 11 of the Dungeon)

   Slay:      It affects your accuracy & damage with ranged weapons and melee
   (+6).
   rC:        It protects you from cold.
   rElec:     It insulates you from electricity.
   Stlth:     It makes you more stealthy.
 y - the +0 pair of fencer's gloves {Riposte Dex+3}
   (You bought it in a shop on level 4 of the Vaults)

   Riposte:   It allows the wearer to riposte with melee weapons, swiftly
   retaliating against missed or blocked melee attacks.
   Dex:       It affects your dexterity (+3).
 A - the +2 pair of gloves "Cyminn" (worn) {Will+}
   (You found it on level 4 of the Vaults)

   Will:      It increases your willpower.
Jewellery
 j - the ring of Rotakkayst (left hand) {Will++ Slay+5 SInv}
   (You found it on level 3 of the Lair of Beasts)

   [ring of see invisible]

   Slay:      It affects your accuracy & damage with ranged weapons and melee
   (+5).
   SInv:      It lets you see invisible.
   Will:      It greatly increases your willpower.
 l - the amulet of Elemental Vulnerability {rPois rF-- rC-- AC+8}
   (You found it on level 1 of the Lair of Beasts)

   [amulet of nothing]

   AC:        It affects your AC (+8).
   rF:        It makes you very vulnerable to fire.
   rC:        It makes you very vulnerable to cold.
   rPois:     It protects you from poison.
 o - the ring of Wicekhle {Ice rElec rPois Dex+4 Stlth+}
   (You took it off Josephina on level 4 of the Depths)

   [ring of ice]

   It enhances your ice magic.
   Dex:       It affects your dexterity (+4).
   rF:        It makes you vulnerable to fire.
   rC:        It protects you from cold.
   rElec:     It insulates you from electricity.
   rPois:     It protects you from poison.
   Stlth:     It makes you more stealthy.
 s - a +6 ring of dexterity (right hand)
 v - a +6 ring of dexterity
 w - an amulet of reflection
 x - the amulet "Ceigh" (around neck) {Faith rC+ Int+2}
   (You bought it in a shop on level 3 of the Snake Pit)

   [amulet of faith]

   It allows you to gain divine favour quickly.
   Int:       It affects your intelligence (+2).
   rC:        It protects you from cold.
Wands
 t - a wand of digging (2)
Scrolls
 a - a scroll of enchant armour
 b - 11 scrolls of teleportation
 h - 27 scrolls of identify
Potions
 c - 4 potions of magic
 f - 6 potions of haste
 g - a potion of heal wounds
 i - 5 potions of enlightenment
 n - 9 potions of mutation
 p - 6 potions of might
 q - 20 potions of curing
 u - 4 potions of cancellation

Dungeon Overview and Level Annotations

Branches:
Dungeon (15/15)            Temple (0/1) D:5            Lair (5/5) D:8
 Shoals (4/4) Lair:2        Snake (4/4) Lair:2        Slime (0/5) Lair:4
    Orc (2/2) D:12            Elf (0/3) Orc:2        Vaults (5/5) D:14
  Crypt (0/3) Vaults:3     Depths (4/4) D:15            Zot (2/5) Depths:4

Altars:
Cheibriados
Elyvilon
Fedhas
Gozag
Kikubaaqudgha
Makhleb
Okawaru
Qazlal
Vehumet
Xom
Zin
The Shining One
Jiyva
Lugonu

Shops:
D:4 [*   D:9 *(   D:11 [   Orc:2 !=(?   Shoals:2 =   Snake:3 ::=   Vaults:1 ![
Vaults:2 (   Vaults:4 [   Depths:1 ?*

Portals:
Hell: Depths:1 Depths:2 Depths:3 Depths:4
Abyss: Depths:1 Depths:2 Depths:3 Depths:4
Pandemonium: Depths:1 Depths:2
Ziggurat: Depths:4
Trove: Depths:1 (give 19 potions of curing)

Annotations:
D:14 6 transporters, 3 runed translucent doors, Lupuqaw's ghost, journeyman GrFi
Lair:1 2 runed translucent doors, qw's ghost, journeyman GrFi
Lair:5 2 transporters, qw's ghost, journeyman MiHs
Snake:2 1 runed translucent door, qw's ghost, adept GrFi
Zot:1 2 transporters


Message History

The black draconian knight completely misses you.
The quicksilver dragon barely misses you.
You furiously retaliate!
You headbutt the quicksilver dragon!
The quicksilver dragon claws you but does no damage.
The yellow draconian annihilator gestures at you while chanting.
The poison arrow hits you!!!
You are more poisoned.
You feel threatened and lose the ability to drink potions!
The red draconian completely misses you.
The purple draconian completely misses you.
You shoot an arrow. The arrow hits the quicksilver dragon!
The arrow burns the quicksilver dragon!
The quicksilver dragon is heavily wounded.
You feel very sick.
The orb of fire is no longer covered in acid.
The purple draconian shifter gestures wildly while chanting.
The purple draconian shifter blinks!
The quicksilver dragon bites you but does no damage.
The quicksilver dragon completely misses you.
The black draconian knight hits you with a +2 broad axe of flaming!
The black draconian knight burns you.
You shoot an arrow. The arrow hits the quicksilver dragon!
The arrow burns the quicksilver dragon.
The quicksilver dragon is severely wounded.
You feel very sick.
The yellow draconian annihilator closely misses you.
The red draconian misses you.
The purple draconian completely misses you.
You furiously retaliate!
You headbutt the purple draconian!
The quicksilver dragon closely misses you.
You furiously retaliate!
You headbutt the quicksilver dragon! The quicksilver dragon misses you.
The black draconian knight mumbles some strange words.
The black draconian knight seems to speed up.
You shoot an arrow.
The arrow hits the quicksilver dragon!!!
The arrow burns the quicksilver dragon!
You kill the quicksilver dragon!
Okawaru accepts your kill.
You die...

# ... #... #.ยค.. #.|...
#.d.... ##.......
##qd...... # ##q)q..#
######## ###q@)..##
...#...# #..dd*.##
...#...# ##........#
...#...# ##.........#
###...#####.....#....#
.......................
.................###....
######.#......#### ####
##)......#


You could see an orb of fire, a green draconian monk, a black draconian knight
(fast), 2 draconians, a purple draconian, a red draconian, a purple draconian
shifter and a yellow draconian annihilator.

Vanquished Creatures
  A dread lich (Vaults:5)
  Mennas (Depths:4)
  An ancient lich (Vaults:5)
  A juggernaut (Depths:4)
  Josephina (Depths:4)
  Boris (Vaults:3)
  Margery (Depths:4)
  Xtahua (Depths:3)
  Vashnia (Snake:4)
  5 caustic shrikes
  5 golden dragons
  An iron giant (Depths:2)
  Jorgrun (D:15)
  4 tentacled monstrosities
  2 walking crystal tomes
  8 titans
  6 quicksilver dragons
  3 sphinxes
  4 death cobs
  Kirke (D:13)
  4 tengu reavers
  9 shadow dragons
  5 nagarajas (Snake:4)
  7 frost giants
  8 fire giants
  8 storm dragons
  A draconian knight (Zot:2)
  A fenstrider witch (shapeshifter) (Depths:3)
  A balrug (Depths:1)
  13 vault wardens
  A deep elf sorcerer (Vaults:5)
  5 iron dragons
  A draconian scorcher (Zot:2)
  A ghost moth (Zot:2)
  22 ironbound preservers
  2 draconian annihilators
  An orc warlord (Orc:1)
  4 spriggan defenders (Depths:4)
  3 war gargoyles
  18 stone giants
  A stone giant (shapeshifter) (Depths:3)
  5 ironbound thunderhulks
  25 very ugly things
  Nessos (D:15)
  3 vampire knights
  4 black draconians
  6 green draconians
  A purple draconian (Zot:1)
  A white draconian (Zot:2)
  A deep elf demonologist (Vaults:5)
  A red draconian (Depths:4)
  2 yellow draconians
  A spark wasp (Depths:3)
  11 dire elephants
  13 ettins
  4 merfolk javelineers
  Fannar (Lair:3)
  3 crystal guardians
  3 entropy weavers
  3 deep elf high priests (Vaults:5)
  A deep elf death mage (Vaults:5)
  7 fire dragons
  A jiangshi (Vaults:3)
  11 merfolk impalers
  5 great orbs of eyes
  12 yaktaur captains
  34 vault guards
  8 ice dragons
  15 hydras
  4 peacekeepers
  A salamander tyrant (Snake:4)
  A hydra (shapeshifter) (Vaults:5)
  7 ironbound frosthearts
  Erica (D:11)
  5 merfolk avatars
  6 merfolk aquamancers
  A hell beast (Depths:2)
  10 centaur warriors
  7 spriggan air magi
  8 anacondas
  2 alligator snapping turtles
  2 dancing weapons (D:14)
  7 two-headed ogres
  2 boulder beetles
  2 satyrs
  3 death yaks (Lair:5)
  13 naga warriors
  4 tengu warriors
  7 spriggan berserkers
  5 deep troll earth magi
  3 orc high priests (Orc:2)
  6 deep troll shamans
  15 naga sharpshooters
  2 shock serpents (Snake:3)
  Nergalle (Lair:3)
  5 vampire magi
  Urug (Lair:4)
  A soul eater (Depths:1)
  A sun demon (Depths:2)
  14 hell knights (Depths:4)
  2 salamander mystics
  9 iron trolls
  2 storm dragon skeletons
  2 skysharks (Shoals:1)
  A spark wasp zombie (Depths:2)
  9 skeletal warriors
  A glowing orange brain (Depths:2)
  2 flayed ghosts (Depths:3)
  2 tengu zombies
  70 deep trolls
  A shadow dragon zombie (Depths:2)
  3 lindwurms (Vaults:2)
  19 sea snakes
  11 naga ritualists
  16 ironbound convokers
  A swamp dragon (Lair:5)
  11 necromancers
  38 harpies
  8 wizards
  7 orc knights
  5 deep elf pyromancers
  10 mana vipers
  A sphinx zombie (D:15)
  5 phantasmal warriors
  21 ugly things
  2 frost giant zombies
  6 orc sorcerers
  2 wolf spiders (Lair:5)
  4 fauns
  8 cyclopes
  19 manticores
  15 salamanders
  4 elephants (Lair:5)
  12 guardian serpents
  A rust devil (Depths:2)
  14 vault sentinels
  10 moths of wrath
  Joseph (D:7)
  4 water nymphs
  A fire giant skeleton (Depths:2)
  Maurice (Orc:2)
  8 naga magi
  A smoke demon (Depths:2)
  13 merfolk sirens
  A torpor snail (Lair:3)
  A frost giant skeleton (Depths:3)
  39 black mambas
  An orange demon (Depths:2)
  19 cane toads
  2 gargoyles (D:13)
  29 yaktaurs
  6 unseen horrors (Depths:3)
  A spark wasp simulacrum (Depths:2)
  4 tengu conjurers
  3 freezing wraiths
  5 rime drakes
  10 komodo dragons
  2 golden dragon simulacra (Depths:4)
  A red devil (Depths:1)
  5 trolls
  5 wind drakes
  A hellwing (Depths:2)
  31 merfolk
  A tengu simulacrum (Depths:4)
  A polar bear (Lair:5)
  16 blink frogs
  An ettin zombie (Vaults:5)
  12 hornets
  A raiju (shapeshifter) (D:15)
  10 snapping turtles
  A sphinx simulacrum (Depths:2)
  3 dream sheep
  3 large abominations (Depths:3)
  A culicivora (Vaults:3)
  A spriggan skeleton (D:15)
  A slime creature (shapeshifter) (Vaults:5)
  4 wraiths
  A shadow (D:11)
  30 slime creatures
  17 water elementals
  15 wyverns
  2 ynoxinuls (Depths:2)
  5 hogs (D:13)
  9 spriggans
  A human (D:13)
  9 vampire mosquitoes
  2 neqoxecs
  A wyvern (shapeshifter) (Vaults:5)
  6 steam dragons
  69 yaks
  A hog (shapeshifter) (D:14)
  5 redbacks
  5 chaos spawn
  7 basilisks
  4 small abominations (Depths:3)
  34 nagas
  An ogre zombie (Vaults:5)
  3 acid dragons
  25 water moccasins
  A floating eye (Depths:1)
  29 orc warriors
  3 human skeletons
  A glowing shapeshifter skeleton (Depths:3)
  Duvessa (D:7)
  3 swamp drakes
  4 sky beasts (D:7)
  2 black bears
  4 ogres
  15 centaurs
  12 wolves
  2 kobold brigands
  16 bullfrogs
  6 scorpions
  A wight (D:6)
  Dowan (D:7)
  3 killer bees (D:10)
  5 howler monkeys
  5 electric eels
  3 hounds
  2 gnoll boudas
  23 orc priests
  An iron imp (D:7)
  2 sleepcaps (D:7)
  6 iguanas
  16 orc wizards
  4 hell rats (Lair:3)
  20 gnolls
  8 adders
  4 shadow imps
  A white imp (D:6)
  3 worms
  A dart slug (D:3)
  85 orcs
  6 bats
  6 endoplasms
  3 giant cockroaches (D:1)
  9 goblins
  4 hobgoblins
  3 jackals (D:4)
  4 quokkas
  5 ball pythons
  2 frilled lizards (D:1)
  17 kobolds
  3 rats
  A lurking horror (Depths:1)
1708 creatures vanquished.

Vanquished Creatures (others)
  A storm dragon simulacrum (Depths:4)
  An orc wizard (D:5)
2 creatures vanquished.

Grand Total: 1710 creatures vanquished

Notes
Turn   | Place    | Note
-------+----------+-------------------------------------------
     0 | D:1      | qw the Minotaur Hexslinger began the quest for the Orb.
     0 | D:1      | Reached XP level 1. HP: 16/16 MP: 1/1
     0 | D:1      | 0 ||| qw: Version: 0.3-a-40-ge99b1a8
     0 | D:1      | 0 ||| qw: Game counter: 14
     0 | D:1      | 0 ||| qw: Melee chars always use a shield: true
     0 | D:1      | 0 ||| qw: God list: Okawaru
     0 | D:1      | 0 ||| qw: Allow faded altars: false
     0 | D:1      | 0 ||| qw: Do Orc after clearing Dungeon:15 true
     0 | D:1      | 0 ||| qw: Do second Lair branch before Depths: true
     0 | D:1      | 0 ||| qw: Lair rune preference: random
     0 | D:1      | 0 ||| qw: Goals: Normal
     0 | D:1      | 0 ||| PLANNING D:1-11
    89 | D:1      | Reached skill level 3 in Ranged Weapons
    89 | D:1      | Reached XP level 2. HP: 23/23 MP: 2/2
   336 | D:1      | Reached skill level 2 in Fighting
   760 | D:1      | Found a faded altar of an unknown god.
   829 | D:1      | 829 ||| UPGRADING to amulet of the acrobat.
   834 | D:1      | 834 ||| READING scroll labelled GOXTUS SOPN.
   835 | D:1      | 835 ||| READING scroll labelled RAIDIMN KULE.
   836 | D:1      | 836 ||| DROPPING scroll of poison.
   915 | D:2      | Reached XP level 3. HP: 29/29 MP: 3/3
  1144 | D:2      | Found a white marble altar of Elyvilon.
  1476 | D:2      | 1476 ||| UPGRADING to +4 ring of protection.
  1477 | D:2      | 1477 ||| READING scroll labelled GUUNICI EKETU.
  1478 | D:2      | 1478 ||| READING scroll labelled TURGHAOSHRYU.
  1479 | D:2      | 1479 ||| DRINKING 2 sapphire potions.
  1480 | D:2      | 1480 ||| READING 2 scrolls of identify.
  1480 | D:2      | 1480 ||| IDENTIFYING green potion
  1669 | D:3      | Found an iron altar of Okawaru.
  1670 | D:3      | 1670 ||| PLANNING OKAWARU WORSHIP
  1671 | D:3      | 1671 ||| UPGRADING to +0 ring mail.
  1681 | D:3      | 1681 ||| DROPPING +0 robe.
  1682 | D:3      | 1682 ||| READING scroll labelled NAKOAM XIRA.
  1735 | D:3      | 1735 ||| DRINKING 2 sedimented silvery potions.
  1761 | D:3      | 1761 ||| DROPPING potion of lignification.
  1768 | D:3      | Became a worshipper of Warmaster Okawaru
  1769 | D:3      | 1769 ||| PLANNING D:1-11
  1782 | D:3      | Reached skill level 1 in Armour
  1831 | D:3      | Reached XP level 4. HP: 36/36 MP: 4/4
  1976 | D:3      | 1976 ||| UPGRADING to +0 pair of gloves.
  1981 | D:3      | 1981 ||| READING 3 scrolls of identify.
  1981 | D:3      | 1981 ||| IDENTIFYING blue potion
  2162 | D:4      | Reached XP level 5. HP: 41/42 MP: 5/5
  2187 | D:4      | Found Borr's Armour Boutique.
  2200 | D:4      | Reached skill level 3 in Fighting
  2203 | D:4      | 2203 ||| SHOPLISTING +0 pair of boots "Foirr" {rElec rC+++
                  | Int-5 Dex-5} (455 gold, have 117).
  2203 | D:4      | 2203 ||| SHOPLISTING +2 pair of boots (231 gold, have 117).
  2226 | D:4      | 2226 ||| Stepping ~*~*~tactically~*~*~ (outnumbered).
  2251 | D:4      | HP: 8/45 [orc priest/+0 flail (6)]
  2252 | D:4      | 2252 ||| DRINKING 2 potions of heal wounds.
  2420 | D:4      | Reached skill level 6 in Ranged Weapons
  2423 | D:4      | Reached * piety under Okawaru
  2424 | D:4      | 2424 ||| INVOKING Heroism.
  2501 | D:4      | Found Otooc's General Store.
  2509 | D:4      | 2509 ||| BUYING potion of heal wounds (60 gold).
  2509 | D:4      | Bought a potion of heal wounds for 60 gold pieces
  2509 | D:4      | 2509 ||| SHOPLISTING scroll of enchant weapon (90 gold,
                  | have 72).
  2549 | D:4      | Found an opulent altar of Gozag.
  2577 | D:4      | 2577 ||| DRINKING potion of curing.
  2577 | D:4      | 2577 ||| (to cure confusion)
  2580 | D:4      | Reached XP level 6. HP: 48/49 MP: 6/6
  2595 | D:4      | Reached skill level 4 in Fighting
  3052 | D:4      | 3052 ||| UPGRADING to +0 cloak.
  3057 | D:4      | 3057 ||| READING scroll labelled SEARAZITI.
  3058 | D:4      | 3058 ||| READING scroll labelled MAYLICROFI.
  3099 | D:5      | Entered Level 5 of the Dungeon
  3142 | D:5      | HP: 13/52 [poisoned by a scorpion]
  3425 | D:5      | 3425 ||| Stepping ~*~*~tactically~*~*~ (outnumbered).
  3433 | D:5      | 3433 ||| DRINKING 2 potions of curing.
  3433 | D:5      | 3433 ||| (to cure confusion)
  3434 | D:5      | 3434 ||| FLEEEEING.
  3439 | D:5      | 3439 ||| FLEEEEING.
  3440 | D:5      | 3440 ||| FLEEEEING.
  3441 | D:5      | 3441 ||| FLEEEEING.
  3442 | D:5      | 3442 ||| FLEEEEING.
  3452 | D:5      | 3452 ||| FLEEEEING.
  3453 | D:5      | 3453 ||| FLEEEEING.
  3454 | D:5      | 3454 ||| FLEEEEING.
  3455 | D:5      | 3455 ||| FLEEEEING.
  3456 | D:5      | 3456 ||| FLEEEEING.
  3457 | D:5      | 3457 ||| FLEEEEING.
  3458 | D:5      | 3458 ||| FLEEEEING.
  3461 | D:5      | 3461 ||| STAIRDANCE
  3497 | D:5      | 3497 ||| STAIRDANCE
  3570 | D:5      | 3570 ||| STAIRDANCE
  3675 | D:5      | 3675 ||| STAIRDANCE
  3732 | D:5      | 3732 ||| STAIRDANCE
  3894 | D:5      | 3894 ||| READING 2 scrolls labelled IMAGIERHUTU.
  3895 | D:5      | 3895 ||| READING scroll of enchant armour.
  3895 | D:5      | 3895 ||| ENCHANTING +0 pair of gloves.
  3902 | D:5      | 3902 ||| STAIRDANCE
  3925 | D:5      | Found a white marble altar of Elyvilon.
  3982 | D:5      | 3982 ||| INVOKING Heroism.
  3999 | D:5      | 3999 ||| FLEEEEING.
  4000 | D:5      | 4000 ||| FLEEEEING.
  4001 | D:5      | 4001 ||| FLEEEEING.
  4013 | D:5      | Reached XP level 7. HP: 59/59 MP: 7/7
  4020 | D:5      | 4020 ||| INVOKING Heroism.
  4029 | D:5      | 4029 ||| DRINKING potion of curing.
  4029 | D:5      | 4029 ||| (to cure confusion)
  4059 | D:5      | Found a staircase to the Ecumenical Temple.
  4164 | D:5      | HP: 14/59 [black bear (5)]
  4165 | D:5      | 4165 ||| DRINKING 3 potions of heal wounds.
  4306 | D:5      | 4306 ||| INVOKING Heroism.
  4313 | D:5      | Reached skill level 1 in Invocations
  4423 | D:5      | 4423 ||| READING scroll of enchant weapon.
  4423 | D:5      | 4423 ||| ENCHANTING +2 sling.
  4563 | D:5      | 4563 ||| READING scroll labelled SICVUR BUTOU.
  4682 | D:6      | 4682 ||| INVOKING Heroism.
  4690 | D:6      | Reached skill level 5 in Fighting
  4690 | D:6      | Reached skill level 3 in Invocations
  4690 | D:6      | Reached XP level 8. HP: 38/68 MP: 5/9
  4878 | D:6      | 4878 ||| INVOKING Heroism.
  4952 | D:6      | 4952 ||| INVOKING Heroism.
  4960 | D:6      | 4960 ||| Stepping ~*~*~tactically~*~*~ (cloud).
  5113 | D:6      | Reached skill level 9 in Ranged Weapons
  5208 | D:6      | 5208 ||| INVOKING Heroism.
  5214 | D:6      | Reached skill level 3 in Dodging
  5348 | D:6      | 5348 ||| SWAPPING to +0 orcbow.
  5349 | D:6      | 5349 ||| Stepping ~*~*~tactically~*~*~ (outnumbered).
  5360 | D:6      | Reached skill level 6 in Fighting
  5410 | D:6      | 5410 ||| DROPPING +3 sling of flaming.
  5622 | D:6      | 5622 ||| READING scroll of brand weapon.
  5622 | D:6      | 5622 ||| BRANDING +0 orcbow.
  5774 | D:6      | 5774 ||| UPGRADING to +0 steam dragon scales.
  5784 | D:6      | 5784 ||| DROPPING +0 ring mail.
  5785 | D:6      | 5785 ||| UPGRADING to +1 hat.
  5790 | D:6      | 5790 ||| READING scroll labelled FEJEOXAMUCS.
  5793 | D:6      | 5793 ||| READING 8 scrolls of identify.
  5793 | D:6      | 5793 ||| IDENTIFYING red potion
  5794 | D:6      | 5794 ||| READING 7 scrolls of identify.
  5794 | D:6      | 5794 ||| IDENTIFYING cyan potion
  5819 | D:7      | 5819 ||| Stepping ~*~*~tactically~*~*~ (outnumbered).
  5821 | D:7      | 5821 ||| Stepping ~*~*~tactically~*~*~ (outnumbered).
  5823 | D:7      | 5823 ||| Stepping ~*~*~tactically~*~*~ (outnumbered).
  5846 | D:7      | Found a stormy altar of Qazlal.
  5924 | D:7      | Reached XP level 9. HP: 75/75 MP: 11/11
  5929 | D:7      | 5929 ||| INVOKING Heroism.
  5954 | D:7      | Reached ** piety under Okawaru
  5979 | D:7      | 5979 ||| INVOKING Heroism.
  5988 | D:7      | Reached skill level 7 in Fighting
  6004 | D:7      | 6004 ||| READING scroll of enchant weapon.
  6004 | D:7      | 6004 ||| ENCHANTING +0 orcbow of draining.
  6009 | D:7      | 6009 ||| Stepping ~*~*~tactically~*~*~ (water).
  6019 | D:7      | Reached skill level 3 in Armour
  6097 | D:7      | Found a snail-covered altar of Cheibriados.
  6150 | D:7      | Found an ancient bone altar of Kikubaaqudgha.
  6187 | D:7      | 6187 ||| INVOKING Heroism.
  6356 | D:7      | Noticed Dowan
  6357 | D:7      | 6357 ||| INVOKING Heroism.
  6360 | D:7      | Killed Dowan
  6361 | D:7      | Noticed Duvessa
  6367 | D:7      | Killed Duvessa
  6581 | D:7      | 6581 ||| INVOKING Heroism.
  6585 | D:7      | Noticed Joseph
  6586 | D:7      | Paralysed by Joseph for 5 turns
  6599 | D:7      | Paralysed by Joseph for 4 turns
  6604 | D:7      | Killed Joseph
  6676 | D:7      | Found a radiant altar of Vehumet.
  6735 | D:7      | 6735 ||| READING 3 scrolls of enchant weapon.
  6735 | D:7      | 6735 ||| ENCHANTING +1 orcbow of draining.
  6736 | D:7      | 6736 ||| READING 2 scrolls of enchant weapon.
  6736 | D:7      | 6736 ||| ENCHANTING +2 orcbow of draining.
  6737 | D:7      | 6737 ||| READING scroll of enchant weapon.
  6737 | D:7      | 6737 ||| ENCHANTING +3 orcbow of draining.
  6766 | D:7      | 6766 ||| UPGRADING to +1 leather armour of willpower.
  6776 | D:7      | 6776 ||| READING scroll labelled TOMPUE XYMIB.
  6877 | D:7      | 6877 ||| READING 6 scrolls of identify.
  6877 | D:7      | 6877 ||| IDENTIFYING fuming emerald potion
  6878 | D:7      | 6878 ||| DROPPING potion of berserk rage.
  6974 | D:8      | Noticed a komodo dragon
  6975 | D:8      | 6975 ||| INVOKING Heroism.
  6984 | D:8      | Killed a komodo dragon
  7106 | D:8      | 7106 ||| DRINKING potion of curing.
  7106 | D:8      | 7106 ||| (to cure confusion)
  7115 | D:8      | Reached skill level 12 in Ranged Weapons
  7116 | D:8      | Reached XP level 10. HP: 86/86 MP: 12/12
  7140 | D:8      | Reached *** piety under Okawaru
  7141 | D:8      | Reached skill level 8 in Fighting
  7163 | D:8      | 7163 ||| INVOKING Heroism.
  7231 | D:8      | Found a staircase to the Lair.
  7402 | D:8      | 7402 ||| Stepping ~*~*~tactically~*~*~ (outnumbered).
  7405 | D:8      | 7405 ||| Stepping ~*~*~tactically~*~*~ (outnumbered).
  7410 | D:8      | 7410 ||| Stepping ~*~*~tactically~*~*~ (outnumbered).
  7414 | D:8      | 7414 ||| INVOKING Heroism.
  7668 | D:8      | 7668 ||| PLANNING LAIR
  7668 | D:8      | 7668 ||| READING scroll labelled MIYGEN LOUSE.
  7669 | D:8      | 7669 ||| DRINKING 2 fuming grey potions.
  7670 | D:8      | 7670 ||| READING 6 scrolls of identify.
  7670 | D:8      | 7670 ||| IDENTIFYING viscous silvery potion
  7671 | D:8      | 7671 ||| DROPPING potion of attraction.
  7763 | Lair:1   | Entered Level 1 of the Lair of Beasts
  7763 | Lair:1   | Noticed a cane toad
  7764 | Lair:1   | 7764 ||| INVOKING Heroism.
  7776 | Lair:1   | 7776 ||| STAIRDANCE
  7780 | D:8      | Killed a cane toad
  7786 | D:8      | Reached skill level 9 in Fighting
  7792 | D:8      | Reached skill level 6 in Dodging
  7990 | Lair:1   | Noticed a spriggan rider
  7991 | Lair:1   | 7991 ||| INVOKING Heroism.
  8037 | Lair:1   | 8037 ||| INVOKING Heroism.
  8103 | Lair:1   | 8103 ||| DRINKING potion of cancellation.
  8123 | Lair:1   | Noticed a cane toad
  8124 | Lair:1   | 8124 ||| INVOKING Heroism.
  8138 | Lair:1   | Killed a cane toad
  8139 | Lair:1   | Reached **** piety under Okawaru
  8147 | Lair:1   | Reached XP level 11. HP: 81/99 MP: 13/13
  8154 | Lair:1   | Reached skill level 10 in Fighting
  8313 | Lair:1   | Found a large runed translucent door.
  8313 | Lair:1   | Found a large runed translucent door.
  8317 | Lair:1   | Noticed qw's ghost (journeyman GrFi)
  8393 | Lair:1   | 8393 ||| INVOKING Heroism.
  8724 | Lair:1   | 8724 ||| INVOKING Heroism.
  8752 | Lair:1   | Found the amulet of Elemental Vulnerability {rPois rF--
                  | rC-- AC+8}
  8882 | Lair:1   | 8882 ||| UPGRADING to amulet of Elemental Vulnerability
                  | {rPois rF-- rC-- AC+8}.
  8892 | Lair:1   | 8892 ||| READING 3 scrolls labelled ALANIA MALYRCH.
  8893 | Lair:1   | 8893 ||| READING scroll labelled TUSMUR ITWOGH.
  8894 | Lair:1   | 8894 ||| READING 6 scrolls of identify.
  8894 | Lair:1   | 8894 ||| IDENTIFYING metallic inky potion
  8895 | Lair:1   | 8895 ||| DROPPING 2 scrolls of revelation.
  8896 | Lair:1   | 8896 ||| DROPPING potion of degeneration.
  8949 | Lair:2   | Reached skill level 6 in Invocations
  8966 | Lair:2   | 8966 ||| INVOKING Heroism.
  9050 | Lair:2   | 9050 ||| INVOKING Heroism.
  9197 | Lair:2   | 9197 ||| INVOKING Heroism.
  9230 | Lair:2   | Reached skill level 15 in Ranged Weapons
  9249 | Lair:2   | 9249 ||| INVOKING Heroism.
  9365 | Lair:2   | Identified the +1 leather armour of the Burning God {Contam
                  | Regen+ Dex+2}
  9394 | Lair:2   | Found a staircase to the Snake Pit.
  9579 | Lair:2   | 9579 ||| INVOKING Heroism.
  9806 | Lair:2   | Found a staircase to the Shoals.
 10106 | Lair:2   | 10106 ||| DROPPING +0 steam dragon scales.
 10107 | Lair:2   | 10107 ||| UPGRADING to +1 leather armour of the Burning God
                  | {Contam Regen+ Dex+2}.
 10117 | Lair:2   | 10117 ||| DROPPING +1 leather armour of willpower.
 10118 | Lair:2   | 10118 ||| UPGRADING to +6 ring of dexterity.
 10119 | Lair:2   | 10119 ||| READING scroll labelled ACONIE WON PEADWIP.
 10120 | Lair:2   | 10120 ||| READING 5 scrolls of identify.
 10120 | Lair:2   | 10120 ||| IDENTIFYING puce potion
 10161 | Lair:3   | 10161 ||| STAIRDANCE
 10182 | Lair:3   | 10182 ||| INVOKING Heroism.
 10219 | Lair:3   | Identified the ring of Rotakkayst {Will++ Slay+5 SInv}
 10229 | Lair:3   | 10229 ||| READING scroll of enchant weapon.
 10229 | Lair:3   | 10229 ||| ENCHANTING +4 orcbow of draining.
 10275 | Lair:3   | Reached XP level 12. HP: 106/106 MP: 17/17
 10276 | Lair:3   | Noticed Nergalle
 10277 | Lair:3   | 10277 ||| INVOKING Heroism.
 10289 | Lair:3   | Killed Nergalle
 10289 | Lair:3   | Reached ***** piety under Okawaru
 10312 | Lair:3   | 10312 ||| INVOKING Heroism.
 10315 | Lair:3   | Reached skill level 9 in Invocations
 10346 | Lair:3   | Noticed an eight-headed hydra
 10347 | Lair:3   | 10347 ||| INVOKING Heroism.
 10353 | Lair:3   | Killed an eight-headed hydra
 10354 | Lair:3   | Reached skill level 9 in Dodging
 10471 | Lair:3   | 10471 ||| INVOKING Heroism.
 10499 | Lair:3   | Found a blossoming altar of Fedhas.
 10502 | Lair:3   | Noticed Fannar
 10507 | Lair:3   | Killed Fannar
 10507 | Lair:3   | Received a gift from Okawaru
 10507 | Lair:3   | Found the +18 Lear's hauberk
 10795 | Lair:3   | 10795 ||| UPGRADING to ring of Rotakkayst {Will++ Slay+5
                  | SInv}.
 10797 | Lair:3   | 10797 ||| DROPPING ring of poison resistance.
 10798 | Lair:3   | 10798 ||| DROPPING +4 ring of protection.
 10799 | Lair:3   | 10799 ||| READING 4 scrolls of identify.
 10799 | Lair:3   | 10799 ||| IDENTIFYING sedimented ruby potion
 10800 | Lair:3   | 10800 ||| DROPPING potion of ambrosia.
 11047 | Lair:4   | Found a dark tunnel.
 11104 | Lair:4   | Noticed a six-headed hydra
 11105 | Lair:4   | 11105 ||| INVOKING Heroism.
 11106 | Lair:4   | 11106 ||| Stepping ~*~*~tactically~*~*~ (water).
 11111 | Lair:4   | Killed a six-headed hydra
 11355 | Lair:4   | 11355 ||| INVOKING Heroism.
 11359 | Lair:4   | Reached skill level 11 in Fighting
 11422 | Lair:4   | Found a staircase to the Slime Pits.
 11422 | Lair:4   | Found a viscous altar of Jiyva.
 11481 | Lair:4   | Noticed Urug
 11482 | Lair:4   | 11482 ||| INVOKING Heroism.
 11483 | Lair:4   | 11483 ||| INVOKING Finesse.
 11490 | Lair:4   | Killed Urug
 11820 | Lair:5   | Entered Level 5 of the Lair of Beasts
 11827 | Lair:5   | 11827 ||| STAIRDANCE
 11831 | Lair:4   | 11831 ||| INVOKING Heroism.
 11905 | Lair:5   | Noticed a seven-headed hydra
 11905 | Lair:5   | Noticed a five-headed hydra
 11906 | Lair:5   | 11906 ||| INVOKING Heroism.
 11912 | Lair:5   | Killed a seven-headed hydra
 11915 | Lair:5   | Killed a five-headed hydra
 11923 | Lair:5   | Reached XP level 13. HP: 108/116 MP: 19/19
 11991 | Lair:5   | 11991 ||| INVOKING Heroism.
 12014 | Lair:5   | 12014 ||| INVOKING Heroism.
 12045 | Lair:5   | 12045 ||| INVOKING Heroism.
 12067 | Lair:5   | Reached skill level 12 in Fighting
 12074 | Lair:5   | 12074 ||| INVOKING Heroism.
 12299 | Lair:5   | 12299 ||| Stepping ~*~*~tactically~*~*~ (outnumbered).
 12309 | Lair:5   | Reached skill level 13 in Fighting
 12354 | Lair:5   | 12354 ||| INVOKING Heroism.
 12390 | Lair:5   | 12390 ||| INVOKING Heroism.
 12407 | Lair:5   | Found a transporter.
 12411 | Lair:5   | Noticed qw's ghost (journeyman MiHs)
 12414 | Lair:5   | Found a transporter.
 12527 | Lair:5   | Reached skill level 12 in Dodging
 12538 | Lair:5   | 12538 ||| INVOKING Heroism.
 12623 | Lair:5   | Reached skill level 14 in Fighting
 12623 | Lair:5   | Received a gift from Okawaru
 12648 | Lair:5   | 12648 ||| SWAPPING to +1 longbow of freezing.
 12649 | Lair:5   | 12649 ||| DROPPING +5 orcbow of draining.
 12752 | Lair:5   | 12752 ||| INVOKING Heroism.
 12864 | Lair:5   | 12864 ||| INVOKING Heroism.
 12882 | Lair:5   | 12882 ||| Stepping ~*~*~tactically~*~*~ (water).
 12884 | Lair:5   | 12884 ||| Stepping ~*~*~tactically~*~*~ (water).
 12886 | Lair:5   | 12886 ||| Stepping ~*~*~tactically~*~*~ (water).
 12888 | Lair:5   | 12888 ||| Stepping ~*~*~tactically~*~*~ (water).
 12919 | Lair:5   | 12919 ||| Stepping ~*~*~tactically~*~*~ (water).
 12920 | Lair:5   | Noticed a fire dragon
 12921 | Lair:5   | 12921 ||| INVOKING Heroism.
 12922 | Lair:5   | 12922 ||| INVOKING Finesse.
 12926 | Lair:5   | Killed a fire dragon
 12984 | Lair:5   | 12984 ||| Stepping ~*~*~tactically~*~*~ (cloud).
 12985 | Lair:5   | 12985 ||| INVOKING Heroism.
 12986 | Lair:5   | 12986 ||| Stepping ~*~*~tactically~*~*~ (water).
 12990 | Lair:5   | Reached XP level 14. HP: 132/132 MP: 17/20
 12996 | Lair:5   | 12996 ||| Stepping ~*~*~tactically~*~*~ (cloud).
 13202 | Lair:5   | 13202 ||| PLANNING D:1-11
 13202 | Lair:5   | 13202 ||| READING scroll labelled IROECHUFEOMN.
 13203 | Lair:5   | 13203 ||| READING 5 scrolls of identify.
 13203 | Lair:5   | 13203 ||| IDENTIFYING yellow potion
 13204 | Lair:5   | 13204 ||| READING 4 scrolls of identify.
 13204 | Lair:5   | 13204 ||| IDENTIFYING ruby potion
 13205 | Lair:5   | 13205 ||| DROPPING potion of brilliance.
 13395 | D:9      | Found a flagged portal.
 13413 | D:9      | Found Tagref's Weapon Shop.
 13485 | D:9      | 13485 ||| Stepping ~*~*~tactically~*~*~ (outnumbered).
 13487 | D:9      | 13487 ||| Stepping ~*~*~tactically~*~*~ (outnumbered).
 13489 | D:9      | 13489 ||| Stepping ~*~*~tactically~*~*~ (outnumbered).
 13493 | D:9      | 13493 ||| Stepping ~*~*~tactically~*~*~ (outnumbered).
 13588 | D:9      | Found a shimmering altar of Xom.
 13589 | D:9      | Found a shimmering altar of Xom.
 13593 | D:9      | Found a shimmering altar of Xom.
 13593 | D:9      | Found a shimmering altar of Xom.
 13593 | D:9      | Found a shimmering altar of Xom.
 13593 | D:9      | Found a shimmering altar of Xom.
 13594 | D:9      | Found a shimmering altar of Xom.
 13594 | D:9      | Found a shimmering altar of Xom.
 13594 | D:9      | Found a shimmering altar of Xom.
 13665 | D:9      | 13665 ||| FLEEEEING.
 13666 | D:9      | 13666 ||| FLEEEEING.
 14091 | D:9      | Found Lenuk's General Store.
 14094 | D:9      | 14094 ||| BUYING 2 potions of enlightenment (130 gold).
 14094 | D:9      | Bought 2 potions of enlightenment for 130 gold pieces
 14094 | D:9      | 14094 ||| BUYING potion of curing (39 gold).
 14094 | D:9      | Bought a potion of curing for 39 gold pieces
 14094 | D:9      | 14094 ||| BUYING potion of heal wounds (65 gold).
 14094 | D:9      | Bought a potion of heal wounds for 65 gold pieces
 14126 | D:10     | Entered Level 10 of the Dungeon
 14148 | D:10     | Found a burning altar of Makhleb.
 14770 | D:10     | Received a gift from Okawaru
 14772 | D:10     | 14772 ||| DROPPING +1 arbalest of electrocution.
 15449 | D:10     | 15449 ||| DROPPING ring of wizardry.
 15550 | D:11     | Reached skill level 18 in Ranged Weapons
 15569 | D:11     | Noticed Erica
 15570 | D:11     | 15570 ||| INVOKING Heroism.
 15571 | D:11     | 15571 ||| INVOKING Finesse.
 15574 | D:11     | Killed Erica
 15945 | D:11     | Found Nadait's Antique Armour Shop.
 15953 | D:11     | 15953 ||| BUYING scorched ring mail (279 gold).
 15953 | D:11     | Bought a scorched ring mail for 279 gold pieces
 15953 | D:11     | Identified the +4 ring mail of the Mind {rElec rC+ Slay+6
                  | Stlth+} (You bought it in a shop on level 11 of the
                  | Dungeon)
 16133 | D:11     | 16133 ||| PLANNING D
 16133 | D:11     | 16133 ||| UPGRADING to +4 ring mail of the Mind {rElec rC+
                  | Slay+6 Stlth+}.
 16143 | D:11     | 16143 ||| DROPPING +1 leather armour of the Burning God
                  | {Contam Regen+ Dex+2}.
 16317 | D:12     | 16317 ||| INVOKING Heroism.
 16335 | D:12     | Reached skill level 6 in Armour
 16354 | D:12     | 16354 ||| INVOKING Heroism.
 16721 | D:12     | Found a staircase to the Orcish Mines.
 16799 | D:12     | 16799 ||| READING scroll of enchant armour.
 16799 | D:12     | 16799 ||| ENCHANTING +1 pair of gloves.
 17173 | D:13     | 17173 ||| Stepping ~*~*~tactically~*~*~ (outnumbered).
 17174 | D:13     | 17174 ||| Stepping ~*~*~tactically~*~*~ (outnumbered).
 17177 | D:13     | 17177 ||| Stepping ~*~*~tactically~*~*~ (outnumbered).
 17178 | D:13     | 17178 ||| Stepping ~*~*~tactically~*~*~ (outnumbered).
 17182 | D:13     | 17182 ||| INVOKING Heroism.
 17605 | D:13     | Noticed Kirke
 17606 | D:13     | 17606 ||| INVOKING Heroism.
 17607 | D:13     | 17607 ||| INVOKING Finesse.
 17617 | D:13     | Killed Kirke
 17802 | D:13     | 17802 ||| INVOKING Heroism.
 17833 | D:13     | Identified the +0 hat of the Pits of Slime {Stlth+}
                  | (Okawaru gifted it to you on level 13 of the Dungeon)
 17833 | D:13     | Received a gift from Okawaru
 17915 | D:13     | 17915 ||| INVOKING Heroism.
 17916 | D:13     | 17916 ||| INVOKING Finesse.
 17964 | D:13     | 17964 ||| READING scroll of enchant weapon.
 17964 | D:13     | 17964 ||| ENCHANTING +1 longbow of freezing.
 18289 | D:13     | 18289 ||| DROPPING +0 hat of the Pits of Slime {Stlth+}.
 18401 | D:14     | Found a gate to the Vaults.
 18494 | D:14     | Found a transporter.
 18496 | D:14     | Found a transporter.
 18516 | D:14     | 18516 ||| Stepping ~*~*~tactically~*~*~ (outnumbered).
 18517 | D:14     | 18517 ||| Stepping ~*~*~tactically~*~*~ (outnumbered).
 18522 | D:14     | 18522 ||| Stepping ~*~*~tactically~*~*~ (outnumbered).
 18525 | D:14     | 18525 ||| Stepping ~*~*~tactically~*~*~ (outnumbered).
 18558 | D:14     | Reached XP level 15. HP: 124/138 MP: 21/21
 18613 | D:14     | Found a transporter.
 18615 | D:14     | Found a transporter.
 18706 | D:14     | Identified the scarf of Love and Death {rC+ rF+, Harm rN+
                  | Will+}
 18816 | D:14     | 18816 ||| INVOKING Heroism.
 18915 | D:14     | 18915 ||| INVOKING Heroism.
 18969 | D:14     | Noticed a frost giant
 18972 | D:14     | Noticed Lupuqaw's ghost (journeyman GrFi)
 18983 | D:14     | Found a transporter.
 18984 | D:14     | Found a transporter.
 19077 | D:14     | Found a runed translucent gate.
 19077 | D:14     | Found a runed translucent gate.
 19077 | D:14     | Found a runed translucent gate.
 19394 | D:15     | Entered Level 15 of the Dungeon
 19394 | D:15     | Noticed Jorgrun
 19395 | D:15     | 19395 ||| INVOKING Heroism.
 19398 | D:15     | Killed Jorgrun
 19469 | D:15     | 19469 ||| Stepping ~*~*~tactically~*~*~ (outnumbered).
 19473 | D:15     | 19473 ||| Stepping ~*~*~tactically~*~*~ (outnumbered).
 19485 | D:15     | Noticed Nessos
 19486 | D:15     | 19486 ||| Stepping ~*~*~tactically~*~*~ (outnumbered).
 19493 | D:15     | Killed Nessos
 19606 | D:15     | 19606 ||| READING scroll of enchant weapon.
 19606 | D:15     | 19606 ||| ENCHANTING +2 longbow of freezing.
 19691 | D:15     | 19691 ||| INVOKING Heroism.
 19695 | D:15     | Reached skill level 15 in Fighting
 19766 | D:15     | Found a staircase to the Depths.
 19934 | D:15     | Found a glowing golden altar of the Shining One.
 19935 | D:15     | Found a white marble altar of Elyvilon.
 19936 | D:15     | Found a glowing silver altar of Zin.
 20146 | D:15     | 20146 ||| PLANNING ORC
 20236 | Orc:1    | Entered Level 1 of the Orcish Mines
 20294 | Orc:1    | 20294 ||| INVOKING Heroism.
 20412 | Orc:1    | 20412 ||| Stepping ~*~*~tactically~*~*~ (outnumbered).
 20414 | Orc:1    | 20414 ||| Stepping ~*~*~tactically~*~*~ (outnumbered).
 20416 | Orc:1    | 20416 ||| Stepping ~*~*~tactically~*~*~ (outnumbered).
 20438 | Orc:1    | 20438 ||| INVOKING Heroism.
 20442 | Orc:1    | 20442 ||| Stepping ~*~*~tactically~*~*~ (outnumbered).
 20448 | Orc:1    | 20448 ||| Stepping ~*~*~tactically~*~*~ (outnumbered).
 20714 | Orc:2    | Entered Level 2 of the Orcish Mines
 20723 | Orc:2    | 20723 ||| INVOKING Heroism.
 20728 | Orc:2    | Reached skill level 16 in Fighting
 20733 | Orc:2    | Noticed Maurice
 20736 | Orc:2    | Killed Maurice
 20826 | Orc:2    | Found a staircase to the Elven Halls.
 20974 | Orc:2    | 20974 ||| INVOKING Heroism.
 20980 | Orc:2    | Reached skill level 9 in Armour
 21105 | Orc:2    | 21105 ||| INVOKING Heroism.
 21154 | Orc:2    | 21154 ||| Stepping ~*~*~tactically~*~*~ (outnumbered).
 21156 | Orc:2    | 21156 ||| Stepping ~*~*~tactically~*~*~ (outnumbered).
 21158 | Orc:2    | 21158 ||| Stepping ~*~*~tactically~*~*~ (outnumbered).
 21160 | Orc:2    | 21160 ||| Stepping ~*~*~tactically~*~*~ (outnumbered).
 21162 | Orc:2    | 21162 ||| Stepping ~*~*~tactically~*~*~ (outnumbered).
 21164 | Orc:2    | 21164 ||| INVOKING Heroism.
 21165 | Orc:2    | 21165 ||| Stepping ~*~*~tactically~*~*~ (outnumbered).
 21190 | Orc:2    | 21190 ||| Stepping ~*~*~tactically~*~*~ (outnumbered).
 21197 | Orc:2    | 21197 ||| Stepping ~*~*~tactically~*~*~ (outnumbered).
 21212 | Orc:2    | 21212 ||| INVOKING Heroism.
 21332 | Orc:2    | 21332 ||| INVOKING Heroism.
 21345 | Orc:2    | Found Mohetsuar's Magic Scroll Shop.
 21359 | Orc:2    | Found Odoricla's Weapon Shoppe.
 21360 | Orc:2    | 21360 ||| INVOKING Heroism.
 21375 | Orc:2    | 21375 ||| BUYING 3 scrolls of enchant weapon (292 gold).
 21375 | Orc:2    | Bought 3 scrolls of enchant weapon for 292 gold pieces
 21375 | Orc:2    | 21375 ||| BUYING scroll of identify (26 gold).
 21375 | Orc:2    | Bought a scroll of identify for 26 gold pieces
 21375 | Orc:2    | 21375 ||| BUYING scroll of teleportation (39 gold).
 21375 | Orc:2    | Bought a scroll of teleportation for 39 gold pieces
 21375 | Orc:2    | 21375 ||| BUYING scroll of teleportation (39 gold).
 21375 | Orc:2    | Bought a scroll of teleportation for 39 gold pieces
 21375 | Orc:2    | 21375 ||| READING 3 scrolls of enchant weapon.
 21375 | Orc:2    | 21375 ||| ENCHANTING +3 longbow of freezing.
 21376 | Orc:2    | 21376 ||| READING 2 scrolls of enchant weapon.
 21376 | Orc:2    | 21376 ||| ENCHANTING +4 longbow of freezing.
 21377 | Orc:2    | 21377 ||| READING scroll of enchant weapon.
 21377 | Orc:2    | 21377 ||| ENCHANTING +5 longbow of freezing.
 21381 | Orc:2    | Found Ukupty's Jewellery Shoppe.
 21383 | Orc:2    | Found Doapam's Distillery.
 21389 | Orc:2    | 21389 ||| BUYING amulet of regeneration (390 gold).
 21389 | Orc:2    | Bought an amulet of regeneration for 390 gold pieces
 21392 | Orc:2    | 21392 ||| BUYING 2 potions of mutation (272 gold).
 21392 | Orc:2    | Bought 2 potions of mutation for 272 gold pieces
 21392 | Orc:2    | 21392 ||| BUYING potion of curing (51 gold).
 21392 | Orc:2    | Bought a potion of curing for 51 gold pieces
 21392 | Orc:2    | 21392 ||| BUYING potion of curing (51 gold).
 21392 | Orc:2    | Bought a potion of curing for 51 gold pieces
 21392 | Orc:2    | 21392 ||| BUYING potion of heal wounds (85 gold).
 21392 | Orc:2    | Bought a potion of heal wounds for 85 gold pieces
 21392 | Orc:2    | 21392 ||| BUYING potion of mutation (136 gold).
 21392 | Orc:2    | Bought a potion of mutation for 136 gold pieces
 21463 | Orc:2    | 21463 ||| PLANNING SNAKE:1-3
 21463 | Orc:2    | 21463 ||| DROPPING amulet of the acrobat.
 21713 | Snake:1  | Entered Level 1 of the Snake Pit
 21832 | Snake:1  | 21832 ||| Stepping ~*~*~tactically~*~*~ (outnumbered).
 21834 | Snake:1  | 21834 ||| Stepping ~*~*~tactically~*~*~ (outnumbered).
 21859 | Snake:1  | Found a white marble altar of Elyvilon.
 22003 | Snake:1  | Reached skill level 17 in Fighting
 22444 | Snake:2  | 22444 ||| Stepping ~*~*~tactically~*~*~ (outnumbered).
 22453 | Snake:2  | Received a gift from Okawaru
 22458 | Snake:2  | Reached XP level 16. HP: 127/155 MP: 22/22
 22551 | Snake:2  | 22551 ||| INVOKING Heroism.
 22613 | Snake:2  | Found a runed translucent door.
 22614 | Snake:2  | Found a shimmering altar of Xom.
 22614 | Snake:2  | Noticed qw's ghost (adept GrFi)
 22993 | Snake:2  | 22993 ||| DROPPING ring of positive energy.
 23012 | Snake:3  | 23012 ||| INVOKING Heroism.
 23043 | Snake:3  | Reached skill level 18 in Fighting
 23186 | Snake:3  | 23186 ||| READING scroll of enchant armour.
 23186 | Snake:3  | 23186 ||| ENCHANTING +1 hat.
 23222 | Snake:3  | 23222 ||| READING scroll of enchant armour.
 23222 | Snake:3  | 23222 ||| ENCHANTING +0 cloak.
 23252 | Snake:3  | 23252 ||| READING scroll of brand weapon.
 23252 | Snake:3  | 23252 ||| BRANDING +6 longbow of freezing.
 23350 | Snake:3  | Received a gift from Okawaru
 23352 | Snake:3  | Found a shimmering altar of Xom.
 23375 | Snake:3  | 23375 ||| INVOKING Heroism.
 23579 | Snake:3  | Found Ribb's Jewellery Shoppe.
 23579 | Snake:3  | Found Jyumpygh's Book Boutique.
 23581 | Snake:3  | Found Esaopluu's Book Boutique.
 23589 | Snake:3  | 23589 ||| BUYING +6 ring of dexterity (396 gold).
 23589 | Snake:3  | Bought a +6 ring of dexterity for 396 gold pieces
 23589 | Snake:3  | 23589 ||| SHOPLISTING amulet "Ceigh" {Faith rC+ Int+2} (640
                  | gold, have 410).
 23589 | Snake:3  | 23589 ||| BUYING amulet of reflection (330 gold).
 23589 | Snake:3  | Bought an amulet of reflection for 330 gold pieces
 23641 | Snake:3  | 23641 ||| PLANNING SHOALS:1-3
 23641 | Snake:3  | 23641 ||| UPGRADING to +0 pair of boots.
 23646 | Snake:3  | 23646 ||| DROPPING amulet of regeneration.
 23647 | Snake:3  | 23647 ||| UPGRADING to amulet of reflection.
 23766 | Shoals:1 | Entered Level 1 of the Shoals
 23784 | Shoals:1 | 23784 ||| INVOKING Heroism.
 23790 | Shoals:1 | 23790 ||| Stepping ~*~*~tactically~*~*~ (outnumbered).
 23791 | Shoals:1 | 23791 ||| Stepping ~*~*~tactically~*~*~ (outnumbered).
 23997 | Shoals:1 | 23997 ||| Stepping ~*~*~tactically~*~*~ (outnumbered).
 24000 | Shoals:1 | 24000 ||| Stepping ~*~*~tactically~*~*~ (outnumbered).
 24013 | Shoals:1 | 24013 ||| Stepping ~*~*~tactically~*~*~ (outnumbered).
 24014 | Shoals:1 | 24014 ||| Stepping ~*~*~tactically~*~*~ (outnumbered).
 24015 | Shoals:1 | 24015 ||| Stepping ~*~*~tactically~*~*~ (outnumbered).
 24016 | Shoals:1 | 24016 ||| Stepping ~*~*~tactically~*~*~ (outnumbered).
 24018 | Shoals:1 | 24018 ||| FLEEEEING.
 24019 | Shoals:1 | 24019 ||| FLEEEEING.
 24020 | Shoals:1 | 24020 ||| FLEEEEING.
 24021 | Shoals:1 | 24021 ||| FLEEEEING.
 24023 | Shoals:1 | 24023 ||| Stepping ~*~*~tactically~*~*~ (cloud).
 24026 | Shoals:1 | 24026 ||| Stepping ~*~*~tactically~*~*~ (water).
 24027 | Shoals:1 | 24027 ||| INVOKING Heroism.
 24035 | Shoals:1 | 24035 ||| FLEEEEING.
 24036 | Shoals:1 | 24036 ||| FLEEEEING.
 24037 | Shoals:1 | 24037 ||| FLEEEEING.
 24038 | Shoals:1 | 24038 ||| FLEEEEING.
 24039 | Shoals:1 | 24039 ||| FLEEEEING.
 24046 | Shoals:1 | 24046 ||| FLEEEEING.
 24047 | Shoals:1 | 24047 ||| FLEEEEING.
 24120 | Shoals:1 | 24120 ||| INVOKING Heroism.
 24257 | Shoals:1 | Reached skill level 15 in Dodging
 24313 | Shoals:1 | 24313 ||| Stepping ~*~*~tactically~*~*~ (water).
 24393 | Shoals:1 | Received a gift from Okawaru
 24451 | Shoals:1 | 24451 ||| INVOKING Heroism.
 24452 | Shoals:1 | 24452 ||| INVOKING Finesse.
 24537 | Shoals:1 | 24537 ||| INVOKING Heroism.
 24601 | Shoals:1 | 24601 ||| Stepping ~*~*~tactically~*~*~ (water).
 24807 | Shoals:2 | Reached skill level 19 in Fighting
 24817 | Shoals:2 | 24817 ||| INVOKING Heroism.
 24980 | Shoals:2 | 24980 ||| Stepping ~*~*~tactically~*~*~ (water).
 25081 | Shoals:2 | 25081 ||| READING scroll of enchant armour.
 25081 | Shoals:2 | 25081 ||| ENCHANTING +0 pair of boots.
 25129 | Shoals:2 | 25129 ||| Stepping ~*~*~tactically~*~*~ (water).
 25150 | Shoals:2 | Noticed a kraken
 25196 | Shoals:2 | 25196 ||| Stepping ~*~*~tactically~*~*~ (water).
 25225 | Shoals:2 | Found Jonloulo's Jewellery Boutique.
 25233 | Shoals:2 | 25233 ||| SHOPLISTING amulet of faith (680 gold, have 233).
 25317 | Shoals:2 | 25317 ||| Stepping ~*~*~tactically~*~*~ (water).
 25383 | Shoals:2 | 25383 ||| DROPPING ring of see invisible.
 25412 | Shoals:3 | 25412 ||| INVOKING Heroism.
 25430 | Shoals:3 | 25430 ||| Stepping ~*~*~tactically~*~*~ (water).
 25457 | Shoals:3 | 25457 ||| Stepping ~*~*~tactically~*~*~ (water).
 25476 | Shoals:3 | 25476 ||| INVOKING Heroism.
 25479 | Shoals:3 | Reached XP level 17. HP: 168/168 MP: 20/23
 25536 | Shoals:3 | 25536 ||| Stepping ~*~*~tactically~*~*~ (water).
 25538 | Shoals:3 | 25538 ||| Stepping ~*~*~tactically~*~*~ (water).
 25540 | Shoals:3 | 25540 ||| Stepping ~*~*~tactically~*~*~ (water).
 25542 | Shoals:3 | 25542 ||| Stepping ~*~*~tactically~*~*~ (water).
 25575 | Shoals:3 | 25575 ||| INVOKING Heroism.
 25639 | Shoals:3 | 25639 ||| Stepping ~*~*~tactically~*~*~ (water).
 25710 | Shoals:3 | Reached skill level 12 in Armour
 25740 | Shoals:3 | 25740 ||| Stepping ~*~*~tactically~*~*~ (water).
 25748 | Shoals:3 | 25748 ||| INVOKING Heroism.
 25749 | Shoals:3 | 25749 ||| Stepping ~*~*~tactically~*~*~ (water).
 25753 | Shoals:3 | 25753 ||| Stepping ~*~*~tactically~*~*~ (water).
 25808 | Shoals:3 | 25808 ||| INVOKING Heroism.
 25842 | Shoals:3 | 25842 ||| Stepping ~*~*~tactically~*~*~ (water).
 26055 | Shoals:3 | 26055 ||| PLANNING SNAKE:4
 26236 | Snake:4  | Entered Level 4 of the Snake Pit
 26246 | Snake:4  | 26246 ||| Stepping ~*~*~tactically~*~*~ (outnumbered).
 26248 | Snake:4  | 26248 ||| Stepping ~*~*~tactically~*~*~ (outnumbered).
 26252 | Snake:4  | 26252 ||| FLEEEEING.
 26254 | Snake:4  | 26254 ||| STAIRDANCE
 26307 | Snake:4  | 26307 ||| INVOKING Heroism.
 26341 | Snake:4  | 26341 ||| FLEEEEING.
 26342 | Snake:4  | 26342 ||| FLEEEEING.
 26343 | Snake:4  | 26343 ||| STAIRDANCE
 26502 | Snake:4  | 26502 ||| INVOKING Heroism.
 26528 | Snake:4  | Reached skill level 20 in Fighting
 26536 | Snake:4  | 26536 ||| INVOKING Heroism.
 26678 | Snake:4  | Identified the +1 whip "Lacertilianbane" {drain, rC+ Will+}
 27052 | Snake:4  | 27052 ||| Stepping ~*~*~tactically~*~*~ (outnumbered).
 27139 | Snake:4  | 27139 ||| INVOKING Heroism.
 27148 | Snake:4  | Noticed Vashnia
 27166 | Snake:4  | 27166 ||| Stepping ~*~*~tactically~*~*~ (outnumbered).
 27175 | Snake:4  | Killed Vashnia
 27399 | Snake:4  | 27399 ||| Stepping ~*~*~tactically~*~*~ (outnumbered).
 27405 | Snake:4  | Received a gift from Okawaru
 27420 | Snake:4  | 27420 ||| INVOKING Heroism.
 27879 | Snake:4  | 27879 ||| INVOKING Heroism.
 27961 | Snake:4  | 27961 ||| INVOKING Heroism.
 27978 | Snake:4  | 27978 ||| Stepping ~*~*~tactically~*~*~ (outnumbered).
 27980 | Snake:4  | 27980 ||| Stepping ~*~*~tactically~*~*~ (outnumbered).
 27992 | Snake:4  | Reached skill level 21 in Fighting
 28010 | Snake:4  | 28010 ||| INVOKING Heroism.
 28052 | Snake:4  | 28052 ||| INVOKING Heroism.
 28218 | Snake:4  | 28218 ||| INVOKING Heroism.
 28241 | Snake:4  | Received a gift from Okawaru
 28263 | Snake:4  | Got a serpentine rune of Zot
 28378 | Snake:4  | 28378 ||| PLANNING VAULTS:1-4
 28378 | Snake:4  | 28378 ||| DROPPING ring of fire.
 28693 | Vaults:1 | Entered Level 1 of the Vaults
 28700 | Vaults:1 | 28700 ||| INVOKING Heroism.
 28710 | Vaults:1 | 28710 ||| FLEEEEING.
 28711 | Vaults:1 | 28711 ||| FLEEEEING.
 28712 | Vaults:1 | 28712 ||| STAIRDANCE
 29053 | Vaults:1 | 29053 ||| FLEEEEING.
 29054 | Vaults:1 | 29054 ||| FLEEEEING.
 29055 | Vaults:1 | 29055 ||| FLEEEEING.
 29056 | Vaults:1 | 29056 ||| FLEEEEING.
 29057 | Vaults:1 | 29057 ||| FLEEEEING.
 29058 | Vaults:1 | 29058 ||| FLEEEEING.
 29059 | Vaults:1 | 29059 ||| FLEEEEING.
 29062 | Vaults:1 | 29062 ||| FLEEEEING.
 29064 | Vaults:1 | 29064 ||| FLEEEEING.
 29065 | Vaults:1 | 29065 ||| FLEEEEING.
 29077 | Vaults:1 | Reached XP level 18. HP: 182/182 MP: 24/24
 29088 | Vaults:1 | Identified the +5 arbalest "Ackioneg" {freeze, rF+ Str+2}
                  | (Okawaru gifted it to you on level 1 of the Vaults)
 29088 | Vaults:1 | Received a gift from Okawaru
 29089 | Vaults:1 | 29089 ||| FLEEEEING.
 29090 | Vaults:1 | 29090 ||| FLEEEEING.
 29097 | Vaults:1 | 29097 ||| FLEEEEING.
 29098 | Vaults:1 | 29098 ||| FLEEEEING.
 29099 | Vaults:1 | 29099 ||| FLEEEEING.
 29100 | Vaults:1 | 29100 ||| FLEEEEING.
 29101 | Vaults:1 | 29101 ||| FLEEEEING.
 29102 | Vaults:1 | 29102 ||| FLEEEEING.
 29103 | Vaults:1 | 29103 ||| FLEEEEING.
 29104 | Vaults:1 | 29104 ||| FLEEEEING.
 29105 | Vaults:1 | 29105 ||| FLEEEEING.
 29106 | Vaults:1 | 29106 ||| FLEEEEING.
 29107 | Vaults:1 | 29107 ||| STAIRDANCE
 29389 | Vaults:1 | 29389 ||| READING scroll of enchant armour.
 29389 | Vaults:1 | 29389 ||| ENCHANTING +1 pair of boots.
 29491 | Vaults:1 | Found Zelos's Antique Armour Boutique.
 29784 | Vaults:1 | Reached skill level 18 in Dodging
 29791 | Vaults:1 | Found Cucropun's Distillery.
 29797 | Vaults:1 | 29797 ||| BUYING potion of curing (42 gold).
 29797 | Vaults:1 | Bought a potion of curing for 42 gold pieces
 29797 | Vaults:1 | 29797 ||| BUYING potion of heal wounds (70 gold).
 29797 | Vaults:1 | Bought a potion of heal wounds for 70 gold pieces
 29797 | Vaults:1 | 29797 ||| BUYING potion of magic (112 gold).
 29797 | Vaults:1 | Bought a potion of magic for 112 gold pieces
 29797 | Vaults:1 | 29797 ||| BUYING potion of might (56 gold).
 29797 | Vaults:1 | Bought a potion of might for 56 gold pieces
 29797 | Vaults:1 | 29797 ||| BUYING potion of mutation (112 gold).
 29797 | Vaults:1 | Bought a potion of mutation for 112 gold pieces
 29860 | Vaults:1 | 29860 ||| READING scroll of enchant armour.
 29860 | Vaults:1 | 29860 ||| ENCHANTING +1 cloak.
 30332 | Vaults:2 | 30332 ||| PLANNING WIZLAB
 30492 | Vaults:2 | 30492 ||| Stepping ~*~*~tactically~*~*~ (outnumbered).
 30494 | Vaults:2 | 30494 ||| Stepping ~*~*~tactically~*~*~ (outnumbered).
 30502 | Vaults:2 | 30502 ||| Stepping ~*~*~tactically~*~*~ (outnumbered).
 30505 | Vaults:2 | Reached skill level 22 in Fighting
 30516 | Vaults:2 | 30516 ||| FLEEEEING.
 30517 | Vaults:2 | 30517 ||| FLEEEEING.
 30518 | Vaults:2 | 30518 ||| FLEEEEING.
 30519 | Vaults:2 | 30519 ||| FLEEEEING.
 30520 | Vaults:2 | 30520 ||| FLEEEEING.
 30521 | Vaults:2 | 30521 ||| FLEEEEING.
 30522 | Vaults:2 | 30522 ||| FLEEEEING.
 30523 | Vaults:2 | 30523 ||| FLEEEEING.
 30524 | Vaults:2 | 30524 ||| FLEEEEING.
 30525 | Vaults:2 | 30525 ||| FLEEEEING.
 30526 | Vaults:2 | 30526 ||| FLEEEEING.
 30527 | Vaults:2 | 30527 ||| FLEEEEING.
 30528 | Vaults:2 | 30528 ||| FLEEEEING.
 30529 | Vaults:2 | 30529 ||| FLEEEEING.
 30530 | Vaults:2 | 30530 ||| FLEEEEING.
 30531 | Vaults:2 | 30531 ||| FLEEEEING.
 30532 | Vaults:2 | 30532 ||| FLEEEEING.
 30533 | Vaults:2 | 30533 ||| FLEEEEING.
 30534 | Vaults:2 | 30534 ||| FLEEEEING.
 30535 | Vaults:2 | 30535 ||| FLEEEEING.
 30536 | Vaults:2 | 30536 ||| FLEEEEING.
 30539 | Vaults:2 | 30539 ||| FLEEEEING.
 30540 | Vaults:2 | 30540 ||| STAIRDANCE
 30678 | Vaults:2 | Reached ****** piety under Okawaru
 30678 | Vaults:2 | Identified the +0 ring mail of Sareju {Harm rC- Int+3}
                  | (Okawaru gifted it to you on level 2 of the Vaults)
 30678 | Vaults:2 | Received a gift from Okawaru
 30853 | Vaults:2 | 30853 ||| INVOKING Heroism.
 30854 | Vaults:2 | 30854 ||| INVOKING Finesse.
 31107 | Vaults:2 | 31107 ||| RIP WIZLAB
 31120 | Vaults:2 | 31120 ||| PLANNING VAULTS:1-4
 31120 | Vaults:2 | 31120 ||| Stepping ~*~*~tactically~*~*~ (outnumbered).
 31122 | Vaults:2 | 31122 ||| Stepping ~*~*~tactically~*~*~ (outnumbered).
 31126 | Vaults:2 | 31126 ||| Stepping ~*~*~tactically~*~*~ (outnumbered).
 31127 | Vaults:2 | 31127 ||| Stepping ~*~*~tactically~*~*~ (outnumbered).
 31185 | Vaults:2 | 31185 ||| INVOKING Heroism.
 31201 | Vaults:2 | HP: 41/184 [vault warden/+0 battleaxe (60)]
 31202 | Vaults:2 | 31202 ||| READING 14 scrolls of teleportation.
 31202 | Vaults:2 | HP: 11/184 [vault warden/+0 battleaxe (30)]
 31202 | Vaults:2 | HP: 2/184 [deep troll[an ironbound preserver] (9)]
 31203 | Vaults:2 | 31203 ||| DRINKING 9 potions of heal wounds.
 31204 | Vaults:2 | 31204 ||| DRINKING 8 potions of heal wounds.
 31577 | Vaults:2 | 31577 ||| FLEEEEING.
 31578 | Vaults:2 | 31578 ||| FLEEEEING.
 31579 | Vaults:2 | 31579 ||| FLEEEEING.
 31580 | Vaults:2 | 31580 ||| FLEEEEING.
 31581 | Vaults:2 | 31581 ||| FLEEEEING.
 31582 | Vaults:2 | 31582 ||| FLEEEEING.
 31583 | Vaults:2 | 31583 ||| FLEEEEING.
 31584 | Vaults:2 | 31584 ||| FLEEEEING.
 31585 | Vaults:2 | 31585 ||| FLEEEEING.
 31586 | Vaults:2 | 31586 ||| FLEEEEING.
 31587 | Vaults:2 | 31587 ||| FLEEEEING.
 31588 | Vaults:2 | 31588 ||| FLEEEEING.
 31589 | Vaults:2 | 31589 ||| FLEEEEING.
 31590 | Vaults:2 | 31590 ||| FLEEEEING.
 31703 | Vaults:2 | Found Hom Alau's Weapon Shop.
 31842 | Vaults:2 | 31842 ||| Stepping ~*~*~tactically~*~*~ (outnumbered).
 31882 | Vaults:2 | 31882 ||| INVOKING Heroism.
 31883 | Vaults:2 | 31883 ||| INVOKING Finesse.
 31891 | Vaults:2 | Received a gift from Okawaru
 32407 | Vaults:3 | Received a gift from Okawaru
 32408 | Vaults:3 | Reached skill level 23 in Fighting
 32420 | Vaults:3 | Reached XP level 19. HP: 195/195 MP: 25/25
 32493 | Vaults:3 | Identified the +2 falchion of Distant Shores {drain, rPois}
 32543 | Vaults:3 | 32543 ||| INVOKING Heroism.
 32714 | Vaults:3 | 32714 ||| INVOKING Finesse.
 32937 | Vaults:3 | 32937 ||| INVOKING Heroism.
 32938 | Vaults:3 | 32938 ||| INVOKING Finesse.
 32940 | Vaults:3 | 32940 ||| Stepping ~*~*~tactically~*~*~ (outnumbered).
 33130 | Vaults:3 | 33130 ||| FLEEEEING.
 33131 | Vaults:3 | 33131 ||| FLEEEEING.
 33132 | Vaults:3 | 33132 ||| FLEEEEING.
 33133 | Vaults:3 | 33133 ||| FLEEEEING.
 33134 | Vaults:3 | 33134 ||| FLEEEEING.
 33135 | Vaults:3 | 33135 ||| FLEEEEING.
 33136 | Vaults:3 | 33136 ||| FLEEEEING.
 33137 | Vaults:3 | 33137 ||| FLEEEEING.
 33253 | Vaults:3 | 33253 ||| Stepping ~*~*~tactically~*~*~ (outnumbered).
 33254 | Vaults:3 | 33254 ||| Stepping ~*~*~tactically~*~*~ (outnumbered).
 33269 | Vaults:3 | Reached skill level 24 in Fighting
 33367 | Vaults:3 | 33367 ||| FLEEEEING.
 33542 | Vaults:3 | Reached skill level 15 in Armour
 33562 | Vaults:3 | Found a staircase to the Crypt.
 33719 | Vaults:3 | 33719 ||| INVOKING Finesse.
 33938 | Vaults:3 | Noticed Boris
 33939 | Vaults:3 | 33939 ||| INVOKING Heroism.
 33940 | Vaults:3 | 33940 ||| INVOKING Finesse.
 33951 | Vaults:3 | Killed Boris
 34159 | Vaults:3 | 34159 ||| DROPPING +2 hat of stealth.
 34160 | Vaults:3 | 34160 ||| UPGRADING to amulet of faith.
 34597 | Vaults:4 | 34597 ||| INVOKING Heroism.
 34612 | Vaults:4 | HP: 47/198 [deep troll[an ironbound preserver] (11)]
 34613 | Vaults:4 | 34613 ||| READING 13 scrolls of teleportation.
 34614 | Vaults:4 | 34614 ||| DRINKING 7 potions of heal wounds.
 34615 | Vaults:4 | 34615 ||| DRINKING 6 potions of heal wounds.
 34617 | Vaults:4 | 34617 ||| DRINKING 5 potions of heal wounds.
 34617 | Vaults:4 | Found Rikkimpo's Antique Armour Boutique.
 34885 | Vaults:4 | 34885 ||| SHOPLISTING +0 pair of fencer's gloves {Riposte
                  | Dex+3} (1120 gold, have 473).
 34885 | Vaults:4 | 34885 ||| BUYING glowing cloak (210 gold).
 34885 | Vaults:4 | Bought a glowing cloak for 210 gold pieces
 34885 | Vaults:4 | 34885 ||| BUYING glowing scarf (224 gold).
 34885 | Vaults:4 | Bought a glowing scarf for 224 gold pieces
 34938 | Vaults:4 | Received a gift from Okawaru
 34998 | Vaults:4 | Received a gift from Okawaru
 35103 | Vaults:4 | Reached skill level 25 in Fighting
 35167 | Vaults:4 | 35167 ||| Stepping ~*~*~tactically~*~*~ (outnumbered).
 35168 | Vaults:4 | 35168 ||| Stepping ~*~*~tactically~*~*~ (outnumbered).
 35170 | Vaults:4 | 35170 ||| Stepping ~*~*~tactically~*~*~ (outnumbered).
 35263 | Vaults:4 | Received a gift from Okawaru
 35277 | Vaults:4 | Reached XP level 20. HP: 210/210 MP: 26/26
 35287 | Vaults:4 | 35287 ||| DROPPING +4 longbow.
 35406 | Vaults:4 | Identified the +2 pair of gloves "Cyminn" {Will+}
 35516 | Vaults:4 | 35516 ||| PLANNING SHOALS:4
 35516 | Vaults:4 | 35516 ||| DROPPING +2 cloak of stealth.
 35517 | Vaults:4 | 35517 ||| DROPPING scarf of harm.
 35518 | Vaults:4 | 35518 ||| UPGRADING to +2 pair of gloves "Cyminn" {Will+}.
 35528 | Vaults:4 | 35528 ||| DROPPING +2 pair of gloves.
 35940 | Shoals:4 | Entered Level 4 of the Shoals
 35968 | Shoals:4 | 35968 ||| Stepping ~*~*~tactically~*~*~ (water).
 35969 | Shoals:4 | 35969 ||| Stepping ~*~*~tactically~*~*~ (water).
 35970 | Shoals:4 | 35970 ||| Stepping ~*~*~tactically~*~*~ (water).
 35997 | Shoals:4 | 35997 ||| INVOKING Heroism.
 36161 | Shoals:4 | 36161 ||| FLEEEEING.
 36162 | Shoals:4 | 36162 ||| FLEEEEING.
 36163 | Shoals:4 | 36163 ||| FLEEEEING.
 36164 | Shoals:4 | 36164 ||| FLEEEEING.
 36330 | Shoals:4 | 36330 ||| Stepping ~*~*~tactically~*~*~ (water).
 36379 | Shoals:4 | 36379 ||| Stepping ~*~*~tactically~*~*~ (water).
 36481 | Shoals:4 | 36481 ||| Stepping ~*~*~tactically~*~*~ (water).
 36483 | Shoals:4 | 36483 ||| Stepping ~*~*~tactically~*~*~ (cloud).
 36484 | Shoals:4 | 36484 ||| FLEEEEING.
 36488 | Shoals:4 | 36488 ||| FLEEEEING.
 36489 | Shoals:4 | 36489 ||| FLEEEEING.
 36491 | Shoals:4 | 36491 ||| FLEEEEING.
 36495 | Shoals:4 | Reached skill level 21 in Dodging
 36503 | Shoals:4 | 36503 ||| INVOKING Heroism.
 36521 | Shoals:4 | HP: 52/209 [cyclops/large rock (23)]
 36522 | Shoals:4 | 36522 ||| READING 12 scrolls of teleportation.
 36582 | Shoals:4 | 36582 ||| INVOKING Heroism.
 36602 | Shoals:4 | 36602 ||| Stepping ~*~*~tactically~*~*~ (water).
 36731 | Shoals:4 | 36731 ||| INVOKING Heroism.
 37197 | Shoals:4 | 37197 ||| Stepping ~*~*~tactically~*~*~ (water).
 37203 | Shoals:4 | Identified the +1 great sword "Mehalul" {antimagic, rElec
                  | rC+ Str+3 Dex+3} (Okawaru gifted it to you on level 4 of
                  | the Shoals)
 37203 | Shoals:4 | Received a gift from Okawaru
 37207 | Shoals:4 | 37207 ||| Stepping ~*~*~tactically~*~*~ (water).
 37290 | Shoals:4 | 37290 ||| INVOKING Heroism.
 37291 | Shoals:4 | 37291 ||| INVOKING Finesse.
 37293 | Shoals:4 | 37293 ||| Stepping ~*~*~tactically~*~*~ (outnumbered).
 37295 | Shoals:4 | 37295 ||| Stepping ~*~*~tactically~*~*~ (outnumbered).
 37356 | Shoals:4 | Got a barnacled rune of Zot
 37438 | Shoals:4 | 37438 ||| PLANNING DEPTHS
 37779 | Depths:1 | Entered Level 1 of the Depths
 37916 | Depths:1 | Found Nuig's General Store.
 37916 | Depths:1 | Found Mypsiev's Magic Scroll Boutique.
 37948 | Depths:1 | 37948 ||| BUYING scroll of enchant armour (112 gold).
 37948 | Depths:1 | Bought a scroll of enchant armour for 112 gold pieces
 37948 | Depths:1 | 37948 ||| BUYING scroll of teleportation (45 gold).
 37948 | Depths:1 | Bought a scroll of teleportation for 45 gold pieces
 37955 | Depths:1 | 37955 ||| INVOKING Heroism.
 37956 | Depths:1 | 37956 ||| INVOKING Finesse.
 38000 | Depths:1 | Found a one-way gate to the infinite horrors of the Abyss.
 38196 | Depths:1 | Found a corrupted altar of Lugonu.
 38211 | Depths:1 | Identified a scroll of acquirement
 38217 | Depths:1 | 38217 ||| READING scroll of acquirement.
 38217 | Depths:1 | 38217 ||| ACQUIRING 1199 gold pieces
 38217 | Depths:1 | Acquired 1199 gold pieces
 38240 | Depths:1 | Found a portal to a secret trove of treasure.
 38462 | Depths:1 | Found a one-way gate leading to the halls of Pandemonium.
 38463 | Depths:1 | 38463 ||| Stepping ~*~*~tactically~*~*~ (outnumbered).
 38576 | Depths:1 | Found a gateway to Hell.
 38659 | Depths:2 | 38659 ||| INVOKING Heroism.
 38660 | Depths:2 | 38660 ||| INVOKING Finesse.
 38682 | Depths:2 | Reached skill level 26 in Fighting
 38729 | Depths:2 | Received a gift from Okawaru
 38733 | Depths:2 | 38733 ||| INVOKING Heroism.
 38913 | Depths:2 | You fall into a shaft and drop 1 floor!
 38920 | Depths:3 | 38920 ||| INVOKING Heroism.
 38921 | Depths:3 | 38921 ||| INVOKING Finesse.
 38971 | Depths:3 | 38971 ||| DROPPING +1 pair of gloves.
 38973 | Depths:3 | 38973 ||| INVOKING Heroism.
 39018 | Depths:2 | 39018 ||| INVOKING Heroism.
 39179 | Depths:2 | 39179 ||| INVOKING Heroism.
 39185 | Depths:2 | 39185 ||| Stepping ~*~*~tactically~*~*~ (outnumbered).
 39619 | Depths:2 | 39619 ||| Stepping ~*~*~tactically~*~*~ (outnumbered).
 39633 | Depths:2 | 39633 ||| Stepping ~*~*~tactically~*~*~ (outnumbered).
 39664 | Depths:2 | 39664 ||| FLEEEEING.
 39891 | Depths:2 | Reached XP level 21. HP: 208/221 MP: 27/27
 39962 | Depths:2 | 39962 ||| DROPPING ring of protection from fire.
 39983 | Depths:3 | 39983 ||| INVOKING Heroism.
 39984 | Depths:3 | 39984 ||| INVOKING Finesse.
 40057 | Depths:3 | 40057 ||| Stepping ~*~*~tactically~*~*~ (outnumbered).
 40062 | Depths:3 | 40062 ||| INVOKING Heroism.
 40165 | Depths:3 | 40165 ||| INVOKING Heroism.
 40325 | Depths:3 | Noticed a caustic shrike
 40326 | Depths:3 | 40326 ||| INVOKING Heroism.
 40326 | Depths:3 | a caustic shrike changed into an acid blob
 40385 | Depths:3 | 40385 ||| INVOKING Heroism.
 40464 | Depths:3 | Noticed a caustic shrike
 40465 | Depths:3 | 40465 ||| INVOKING Heroism.
 40475 | Depths:3 | Killed a caustic shrike
 40497 | Depths:3 | 40497 ||| Stepping ~*~*~tactically~*~*~ (outnumbered).
 40510 | Depths:3 | 40510 ||| INVOKING Heroism.
 40511 | Depths:3 | 40511 ||| Stepping ~*~*~tactically~*~*~ (outnumbered).
 40523 | Depths:3 | Noticed a caustic shrike
 40524 | Depths:3 | 40524 ||| INVOKING Finesse.
 40531 | Depths:3 | Killed a caustic shrike
 40677 | Depths:3 | 40677 ||| INVOKING Heroism.
 40820 | Depths:3 | Identified the +12 hand axe of Mutilation {drain, +Blink
                  | Dex+3}
 40831 | Depths:3 | Noticed Xtahua
 40832 | Depths:3 | 40832 ||| DRINKING 2 potions of resistance.
 40833 | Depths:3 | 40833 ||| INVOKING Heroism.
 40843 | Depths:3 | Killed Xtahua
 41332 | Depths:4 | Entered Level 4 of the Depths
 41332 | Depths:4 | Noticed a juggernaut
 41332 | Depths:4 | Noticed Mennas
 41333 | Depths:4 | 41333 ||| INVOKING Heroism.
 41341 | Depths:4 | Killed a juggernaut
 41355 | Depths:4 | Killed Mennas
 41356 | Depths:4 | Reached skill level 27 in Fighting
 41481 | Depths:4 | 41481 ||| INVOKING Heroism.
 41501 | Depths:4 | Noticed a caustic shrike
 41501 | Depths:4 | Noticed a caustic shrike
 41501 | Depths:4 | Noticed a caustic shrike
 41507 | Depths:4 | Killed a caustic shrike
 41508 | Depths:4 | 41508 ||| INVOKING Finesse.
 41510 | Depths:4 | 41510 ||| DRINKING 3 potions of cancellation.
 41512 | Depths:4 | Killed a caustic shrike
 41515 | Depths:4 | Killed a caustic shrike
 41794 | Depths:4 | Found a one-way gateway to a ziggurat.
 41825 | Depths:4 | 41825 ||| INVOKING Finesse.
 41906 | Depths:4 | Reached skill level 18 in Armour
 41998 | Depths:4 | 41998 ||| INVOKING Finesse.
 42092 | Depths:4 | 42092 ||| Stepping ~*~*~tactically~*~*~ (outnumbered).
 42094 | Depths:4 | 42094 ||| Stepping ~*~*~tactically~*~*~ (outnumbered).
 42158 | Depths:4 | Noticed Margery
 42159 | Depths:4 | 42159 ||| DRINKING potion of resistance.
 42160 | Depths:4 | 42160 ||| INVOKING Heroism.
 42161 | Depths:4 | 42161 ||| INVOKING Finesse.
 42169 | Depths:4 | Killed Margery
 42492 | Depths:4 | 42492 ||| INVOKING Heroism.
 42493 | Depths:4 | 42493 ||| INVOKING Finesse.
 42494 | Depths:4 | 42494 ||| Stepping ~*~*~tactically~*~*~ (outnumbered).
 42498 | Depths:4 | 42498 ||| Stepping ~*~*~tactically~*~*~ (outnumbered).
 42546 | Depths:4 | 42546 ||| Stepping ~*~*~tactically~*~*~ (outnumbered).
 42622 | Depths:4 | 42622 ||| INVOKING Heroism.
 42631 | Depths:4 | Reached XP level 22. HP: 125/233 MP: 27/29
 42755 | Depths:4 | Noticed a golden dragon
 42756 | Depths:4 | 42756 ||| INVOKING Heroism.
 42757 | Depths:4 | 42757 ||| INVOKING Finesse.
 42764 | Depths:4 | Killed a golden dragon
 42881 | Depths:4 | 42881 ||| Stepping ~*~*~tactically~*~*~ (cloud).
 42882 | Depths:4 | 42882 ||| Stepping ~*~*~tactically~*~*~ (cloud).
 42885 | Depths:4 | 42885 ||| INVOKING Heroism.
 43069 | Depths:4 | Noticed a golden dragon
 43070 | Depths:4 | 43070 ||| INVOKING Heroism.
 43071 | Depths:4 | 43071 ||| INVOKING Finesse.
 43076 | Depths:4 | 43076 ||| Stepping ~*~*~tactically~*~*~ (outnumbered).
 43081 | Depths:4 | Killed a golden dragon
 43082 | Depths:4 | Reached skill level 21 in Ranged Weapons
 43221 | Depths:4 | Noticed a golden dragon
 43222 | Depths:4 | 43222 ||| INVOKING Heroism.
 43223 | Depths:4 | 43223 ||| INVOKING Finesse.
 43230 | Depths:4 | Killed a golden dragon
 43329 | Depths:4 | Identified the ring of Wicekhle {Ice rElec rPois Dex+4
                  | Stlth+}
 43329 | Depths:4 | Noticed Josephina
 43330 | Depths:4 | 43330 ||| INVOKING Heroism.
 43331 | Depths:4 | 43331 ||| INVOKING Finesse.
 43349 | Depths:4 | Killed Josephina
 43547 | Depths:4 | Found a gate to the Realm of Zot.
 43703 | Depths:4 | 43703 ||| INVOKING Heroism.
 43704 | Depths:4 | 43704 ||| INVOKING Finesse.
 43779 | Depths:4 | 43779 ||| INVOKING Heroism.
 43804 | Depths:4 | 43804 ||| PLANNING VAULTS:5
 44080 | Vaults:5 | Entered Level 5 of the Vaults
 44083 | Vaults:5 | 44083 ||| INVOKING Heroism.
 44096 | Vaults:5 | HP: 55/233 [vault guard/+0 great mace (10)]
 44097 | Vaults:5 | 44097 ||| READING 16 scrolls of teleportation.
 44098 | Vaults:5 | 44098 ||| STAIRDANCE
 44100 | Vaults:4 | 44100 ||| DRINKING 4 potions of heal wounds.
 44424 | Vaults:4 | 44424 ||| INVOKING Heroism.
 44468 | Vaults:5 | 44468 ||| INVOKING Heroism.
 44489 | Vaults:5 | 44489 ||| STAIRDANCE
 44494 | Vaults:4 | 44494 ||| INVOKING Finesse.
 44503 | Vaults:4 | HP: 58/233 [Tzitzimitl[a deep elf demonologist] (4)]
 44504 | Vaults:4 | 44504 ||| READING 15 scrolls of teleportation.
 44505 | Vaults:4 | 44505 ||| DRINKING 3 potions of heal wounds.
 44811 | Vaults:5 | 44811 ||| Stepping ~*~*~tactically~*~*~ (outnumbered).
 44824 | Vaults:5 | 44824 ||| FLEEEEING.
 44825 | Vaults:5 | 44825 ||| STAIRDANCE
 44880 | Vaults:5 | 44880 ||| INVOKING Heroism.
 44883 | Vaults:5 | Identified the +2 robe "Peuff" {Rampage rC+}
 44886 | Vaults:5 | 44886 ||| INVOKING Finesse.
 44890 | Vaults:5 | 44890 ||| Stepping ~*~*~tactically~*~*~ (outnumbered).
 44898 | Vaults:5 | 44898 ||| Stepping ~*~*~tactically~*~*~ (outnumbered).
 44909 | Vaults:5 | HP: 46/233 [green very ugly thing (18)]
 44910 | Vaults:5 | 44910 ||| READING 14 scrolls of teleportation.
 44911 | Vaults:5 | 44911 ||| DRINKING 2 potions of heal wounds.
 44913 | Vaults:5 | 44913 ||| DRINKING potion of heal wounds.
 44914 | Vaults:5 | HP: 56/233 [iron dragon (8)]
 44919 | Vaults:5 | 44919 ||| READING 13 scrolls of teleportation.
 44924 | Vaults:5 | 44924 ||| Stepping ~*~*~tactically~*~*~ (outnumbered).
 44925 | Vaults:5 | Noticed an ancient lich
 44926 | Vaults:5 | 44926 ||| READING 12 scrolls of teleportation.
 44930 | Vaults:5 | Killed an ancient lich
 44941 | Vaults:5 | Noticed a dread lich
 44949 | Vaults:5 | Killed a dread lich
 44977 | Vaults:5 | 44977 ||| INVOKING Heroism.
 45062 | Vaults:5 | 45062 ||| INVOKING Heroism.
 45067 | Vaults:5 | Reached skill level 21 in Armour
 45072 | Vaults:5 | 45072 ||| INVOKING Finesse.
 45110 | Vaults:5 | 45110 ||| INVOKING Heroism.
 45215 | Vaults:5 | 45215 ||| INVOKING Heroism.
 45216 | Vaults:5 | 45216 ||| INVOKING Finesse.
 45384 | Vaults:5 | 45384 ||| INVOKING Heroism.
 45388 | Vaults:5 | Received a gift from Okawaru
 45397 | Vaults:5 | 45397 ||| INVOKING Finesse.
 45450 | Vaults:5 | Reached skill level 12 in Invocations
 45462 | Vaults:5 | Reached XP level 23. HP: 240/240 MP: 29/31
 45487 | Vaults:5 | Identified the +10 morningstar "Ceetouqe" {freeze, rC+}
 45516 | Vaults:5 | Identified the +0 ring mail of Okawaru's Respect {rPois
                  | rN++ Regen+ Dex-5}
 45578 | Vaults:5 | Identified the +10 long sword of the Shouting Whale
                  | {protect, *Rage Str+9 Int-4 Dex+9}
 45590 | Vaults:5 | 45590 ||| INVOKING Finesse.
 45628 | Vaults:5 | Identified the +0 helmet "Letesy" {rC++ MP-9 Str+2 SInv
                  | Stlth+}
 45860 | Vaults:5 | Identified the +6 spear of Demand {holy, Fly Will+ Str-5}
 45876 | Vaults:5 | Identified the staff of the Coward {rPois rF+ Str-5 Int+7
                  | Poison}
 45880 | Vaults:5 | Got a silver rune of Zot
 45908 | Vaults:5 | Identified the +2 rapier of Intuition {freeze, Fly Int-4
                  | Dex+9}
 46350 | Vaults:5 | 46350 ||| PLANNING SHOPPING SPREE
 46350 | Vaults:5 | 46350 ||| DROPPING +1 hat.
 46351 | Vaults:5 | 46351 ||| DROPPING +1 pair of gloves.
 46352 | Vaults:5 | 46352 ||| DROPPING +1 pair of boots of stealth.
 46353 | Vaults:5 | 46353 ||| DRINKING 2 smoky green potions.
 46354 | Vaults:5 | 46354 ||| DROPPING potion of invisibility.
 46687 | D:4      | 46687 ||| BUYING scroll of enchant weapon (90 gold).
 46687 | D:4      | Bought a scroll of enchant weapon for 90 gold pieces
 46687 | D:4      | 46687 ||| READING scroll of enchant weapon.
 46687 | D:4      | 46687 ||| ENCHANTING +6 longbow of flaming.
 46988 | Snake:3  | 46988 ||| BUYING amulet "Ceigh" {Faith rC+ Int+2} (640
                  | gold).
 46988 | Snake:3  | Bought the amulet "Ceigh" {Faith rC+ Int+2} for 640 gold
                  | pieces
 46988 | Snake:3  | 46988 ||| UPGRADING to amulet "Ceigh" {Faith rC+ Int+2}.
 46998 | Snake:3  | 46998 ||| DROPPING amulet of faith.
 47441 | Vaults:4 | 47441 ||| BUYING +0 pair of fencer's gloves {Riposte Dex+3}
                  | (1120 gold).
 47441 | Vaults:4 | Bought the +0 pair of fencer's gloves {Riposte Dex+3} for
                  | 1120 gold pieces
 47441 | Vaults:4 | Found the +0 pair of fencer's gloves {Riposte Dex+3}
 47441 | Vaults:4 | 47441 ||| PLANNING ZOT:1-4
 47726 | Zot:1    | Entered Level 1 of the Realm of Zot
 47739 | Zot:1    | 47739 ||| READING scroll of enchant weapon.
 47739 | Zot:1    | 47739 ||| ENCHANTING +7 longbow of flaming.
 47786 | Zot:1    | 47786 ||| INVOKING Heroism.
 47850 | Zot:1    | 47850 ||| INVOKING Heroism.
 47971 | Zot:1    | 47971 ||| INVOKING Heroism.
 48141 | Zot:1    | Noticed a curse toe
 48146 | Zot:1    | Noticed a dread lich
 48160 | Zot:1    | Noticed a curse toe
 48160 | Zot:1    | Noticed a curse toe
 48184 | Zot:1    | 48184 ||| INVOKING Heroism.
 48439 | Zot:1    | Noticed a curse toe
 48440 | Zot:1    | Found a transporter.
 48458 | Zot:1    | Found a transporter.
 48526 | Zot:2    | 48526 ||| INVOKING Heroism.
 48553 | Zot:2    | 48553 ||| STAIRDANCE
 48830 | Zot:2    | 48830 ||| Stepping ~*~*~tactically~*~*~ (cloud).
 48843 | Zot:2    | 48843 ||| INVOKING Heroism.
 48954 | Zot:2    | 48954 ||| INVOKING Heroism.
 48988 | Zot:2    | 48988 ||| Stepping ~*~*~tactically~*~*~ (outnumbered).
 49068 | Zot:2    | 49068 ||| INVOKING Heroism.
 49078 | Zot:2    | Reached skill level 15 in Invocations
 49234 | Zot:2    | 49234 ||| FLEEEEING.
 49235 | Zot:2    | 49235 ||| FLEEEEING.
 49239 | Zot:2    | 49239 ||| FLEEEEING.
 49240 | Zot:2    | 49240 ||| FLEEEEING.
 49244 | Zot:2    | 49244 ||| FLEEEEING.
 49248 | Zot:2    | 49248 ||| FLEEEEING.
 49249 | Zot:2    | 49249 ||| FLEEEEING.
 49336 | Zot:2    | 49336 ||| Stepping ~*~*~tactically~*~*~ (outnumbered).
 49338 | Zot:2    | 49338 ||| Stepping ~*~*~tactically~*~*~ (outnumbered).
 49340 | Zot:2    | 49340 ||| Stepping ~*~*~tactically~*~*~ (outnumbered).
 49341 | Zot:2    | 49341 ||| Stepping ~*~*~tactically~*~*~ (outnumbered).
 49344 | Zot:2    | 49344 ||| Stepping ~*~*~tactically~*~*~ (outnumbered).
 49405 | Zot:2    | 49405 ||| INVOKING Heroism.
 49413 | Zot:2    | Noticed an orb of fire
 49421 | Zot:2    | Gained mutation: You have sharp toenails. [an orb of fire]
 49425 | Zot:2    | Gained mutation: Armour fits poorly on your strangely
                  | shaped body. [an orb of fire]
 49431 | Zot:2    | Gained mutation: Your spells are a little easier to cast,
                  | but a little less powerful. [an orb of fire]
 49431 | Zot:2    | HP: 58/240 [black draconian knight/bolt of cold (7)]
 49432 | Zot:2    | 49432 ||| READING 12 scrolls of teleportation.
 49433 | Zot:2    | 49433 ||| DRINKING 3 potions of heal wounds.
 49435 | Zot:2    | 49435 ||| DRINKING 2 potions of heal wounds.
 49435 | Zot:2    | Gained mutation: You occasionally lose the ability to drink
                  | potions when taking damage. [an orb of fire]
 49436 | Zot:2    | HP: 25/240 [poisoned by a yellow draconian annihilator
                  | (poison arrow)]
 49436 | Zot:2    | HP: 12/240 [black draconian knight/+2 broad axe of flaming
                  | (13)]
 49437 | Zot:2    | HP: 3/240 [poisoned by a yellow draconian annihilator
                  | (poison arrow)]
 49438 | Zot:2    | Succumbed to a yellow draconian annihilator's poison arrow

Levels and vault maps discovered:
D:1:      psy_arrival_statuary, layout_basic,
          hellmonk_ecumenical_altar_leap_of_faith
D:2:      layout_loops_cross, basic_altar, serial_rivers,
          chequers_serial_rivers_large_a, chequers_serial_rivers_micro_e,
          chequers_serial_rivers_micro_c, chequers_serial_rivers_micro_a
D:3:      layout_basic, mainiacjoe_overflow_cross_hatched
D:4:      layout_gridville, nicolae_overflow_hidden_temple, serial_shops,
          nicolae_shop_stone, nicolae_shop_peninsula
D:5:      layout_loops_corners, elyvilon_altar_1, minmay_temple_entry_mist
D:6:      layout_basic, minmay_pentangle
D:7:      layout_basic, lemuel_tele_altar, slow_altar_2,
          kiku_gazebo_pond_becter, nicolae_qazlal_beasts_of_the_sky,
          hangedman_misty_isle, uniq_duvessa, uniq_joseph
D:8:      layout_rooms, erik_lair_dragon
D:9:      layout_roguey, xom_redecorated, enter_bailey_8, serial_shops,
          nicolae_shop_real_fake_doors, nicolae_shop_bloodbath_and_beyond,
          serial_bayou_pond_a, minmay_misc_feat_pillars
D:10:     layout_basic, lightli_temple_of_fire, special_room [special_room_orc]
D:11:     layout_loops_ring, serial_shops, shop, uniq_erica
D:12:     layout_cave_pods, erik_orc_2
D:13:     layout_stronghold, uniq_kirke
D:14:     layout_stronghold, erik_vaults_1, gammafunk_ghost_icy,
          serial_nicolae_subway, nicolae_sub_station_stone,
          nicolae_sub_station_crystal, nicolae_sub_station_metal
D:15:     gammafunk_depths_entry_grave, layout_irregular_city,
          good_gods_temple_1, columned_hall_lemuel, minmay_diced_spiral,
          uniq_jorgrun, uniq_nessos
Lair:1:   layout_roguey, ebering_ghost_disaster_area,
          grunt_forest_large_clearings
Lair:2:   layout_layer_cave, minmay_shoals_entry_lonely_mermaid,
          guppyfry_snake_entry_garden, grunt_megastairs_1
Lair:3:   layout_misc_corridors, basic_altar, beast_lair_carwin_1,
          infiniplex_staircase_pool_2, grunt_megastairs_3, uniq_nergalle,
          uniq_fannar
Lair:4:   layout_cave_pods, slime_entry_1, lightli_volcano_entry_magma_tube,
          nicolae_lair_grove_arrangements, chequers_serial_rivers_small_a,
          serial_bayou_lake_a, uniq_urug
Lair:5:   hangedman_lair_tendril_chambers, layout_regular_city,
          guppyfry_lair_end_dragon, gammafunk_ghost_arena,
          grunt_forest_large_clearing_hut
Shoals:1: layout_shoals
Shoals:2: layout_shoals, serial_shops, shop
Shoals:3: layout_shoals
Shoals:4: shoals_end_simple, layout_shoals
Snake:1:  layout_grid_shapes, basic_altar, serial_bayou_pond_e,
          nicolae_snake_gridmaze_zigzag
Snake:2:  layout_rooms, ebering_ghost_xom
Snake:3:  layout_onion, basic_altar, st_stairs_12, serial_bayou_pond_b,
          serial_bayou_pond_c, minmay_shop_grove
Snake:4:  grunt_snake_rune_serpentine_throne, layout_cave_town, uniq_vashnia
Orc:1:    layout_diamond_mine
Orc:2:    st_orc_elflike, layout_caves, uniq_maurice
Vaults:1: hangedman_vaults_corner_blocks, v_misc_5, vaults_room_large_hall,
          ontoclasm_vaults_tryst, nicolae_vaults_cornered_office, v_misc_12,
          nicolae_vaults_cochlea, nicolae_vaults_offset_grid_hallway_3,
          nicolae_vaults_stepped_doors, layout_vaults_omnicross, serial_shops,
          shop, nicolae_square_shop
Vaults:2: infiniplex_enter_wizlab_water, nicolae_vaults_closet_pinwheel_3,
          v_misc_29, grunt_vaults_hallway_long, ontoclasm_vaults_idyll,
          nicolae_vaults_trapezoid_3, nicolae_vaults_more_shelving_1, v_misc_29,
          vaults_dpeg_hooks, nicolae_vaults_tetromino_Z_1, vaults_room_corners,
          layout_vaults_omnigrid, serial_shops, shop
Vaults:3: vaults_dpeg_emergency_exit, nicolae_vaults_little_squares_1,
          nicolae_vaults_oval_intersection, v_misc_1,
          grunt_vaults_hallway_short, vaults_room_boxed,
          minmay_crypt_entry_simple_round, nicolae_vaults_yaktaur_gun_rack,
          nicolae_vaults_closet_pinwheel_6, nicolae_vaults_hallways_thing,
          nicolae_vaults_alarming, nicolae_vaults_doubleplus_tesselated,
          nicolae_vaults_tetromino_L_2, ontoclasm_vaults_gateway,
          layout_vaults_omnibox, uniq_boris
Vaults:4: v_misc_26, vaults_standard_mumra_x, nicolae_vaults_meiosis,
          nicolae_vaults_network_quinsquares
          [nicolae_vaults_network_quincunx_subvault,
          nicolae_vaults_network_quincunx_subvault,
          nicolae_vaults_network_quincunx_subvault,
          nicolae_vaults_network_quincunx_subvault], v_alt_pattern_1,
          nicolae_vaults_apartment_2, dpeg_vaults_monster_row,
          layout_vaults_ring, serial_shops, shop_coins
Vaults:5: serial_shops
Depths:1: layout_cave_pools, rand_demon_pan_entry_9,
          nicolae_kite_square_tiling_tiny, pf_coc_iceberg,
          nicolae_trove_entry_columns, kennysheep_decorative_pillar,
          amcnicky_altar_lugonu_corruption, minmay_shoptagon
Depths:2: dreamdust_hydra_shepherd, layout_cave_shapes,
          grunt_pan_entry_in_and_out, hell_entry, abyss_entry
Depths:3: minmay_the_grid_triangle_9x9_rhombus_thin
          [minmay_the_grid_triangle_9x9_cache,
          minmay_the_grid_triangle_9x9_prize_schism,
          minmay_the_grid_triangle_9x9_descending_squares,
          minmay_the_grid_triangle_9x9_windchime], layout_cave_pools,
          moated_statue, minmay_room_of_horrors, hell_entry,
          serial_co_window_serial, co_window_paths_a, co_window_paths_a,
          co_window_corner_a, co_window_paths_a, co_window_paths_b,
          co_window_corner_a, co_window_corner_cb, co_window_corner_cb,
          co_window_corner_ca, co_window_2corner, co_window_of_opportunity_b,
          glass_columns_a, glass_columns_a, glass_columns_a, uniq_xtahua
Depths:4: grunt_runaround [grunt_runaround_doors_1, grunt_runaround_doors_2,
          grunt_runaround_doors_3, grunt_runaround_doors_4,
          grunt_runaround_zot], hell_entry, abyss_entry, uniq_josephina,
          uniq_mennas, uniq_margery
Zot:1:    gammafunk_the_bubble [the_bubble_gammafunk_grid], layout_basic
Zot:2:    nicolae_zot_stationary_front, layout_misc_corridors

Skill      XL: |  1  2  3  4  5  6  7  8  9 10 11 12 13 14 15 16 17 18 19 20 21 22 23 |
---------------+----------------------------------------------------------------------+-----
Ranged Weapons | 3 4 5 6 7 8 9 12 14 15 16 19 20 22 | 22.0
Fighting       | 2 3 4 5 6 7 9 10 11 14 17 19 21 23 25 26 27 | 27.0
Armour         | 1 2 3 4 5 7 9 11 13 14 15 16 19 22 | 22.0
Invocations    | 3 4 8 10 11 12 15 | 15.6
Dodging        | 3 5 6 7 10 12 14 16 17 19 20 22 | 22.0
Spellcasting   | |  1.0
Hexes          | |  2.0

Action                     |  1- 3 |  4- 6 |  7- 9 | 10-12 | 13-15 | 16-18 | 19-21 | 22-24 || total
---------------------------+-------+-------+-------+-------+-------+-------+-------+-------++-------
   Fire: Sling             |   129 |   279 |   150 |       |       |       |       |       ||   558
         Orcbow            |       |       |   187 |   541 |   191 |       |       |       ||   919
         Longbow           |       |       |       |       |   895 |  1157 |  1506 |   771 ||  4329
 Invoke: Heroism           |       |     2 |    12 |    23 |    31 |    28 |    30 |    25 ||   151
         Finesse           |       |       |       |     1 |     4 |     3 |    15 |    11 ||    34
    Use: Scroll            |     6 |     5 |    12 |     9 |     9 |     7 |     3 |     8 ||    59
         Potion            |     2 |     3 |     3 |     2 |       |     2 |     6 |     7 ||    25
 Armour: Robe              |     8 |       |       |       |       |       |       |       ||     8
         Ring mail         |     6 |    96 |    59 |       |    17 |    97 |   156 |   132 ||   563
         Steam dragon scal |       |       |    27 |       |       |       |       |       ||    27
         Leather armour    |       |       |     1 |    82 |    22 |       |       |       ||   105
  Dodge: Dodged            |    32 |    81 |   127 |   203 |   195 |   394 |   765 |   712 ||  2509
  Block: Other             |       |       |       |       |       |    97 |    23 |       ||   120
         Reflection        |       |       |       |       |       |    15 |     2 |       ||    17

Table legend:
 A = Non-vault XP
 B = Vault XP
 C = Vault XP percentage of total XP
 D = Non-vault monster count
 E = Vault monster count
 F = Vault count percentage of total count
                 A         B        C        D         E       F
            +---------+---------+-------+---------+---------+-------
      Total |  491653 |  428981 |  46.6 |    1096 |     611 |  35.8
            +---------+---------+-------+---------+---------+-------
        D:1 |      39 |       0 |   0.0 |      25 |       0 |   0.0
        D:2 |       9 |       0 |   0.0 |       4 |       0 |   0.0
        D:3 |      77 |       0 |   0.0 |      19 |       0 |   0.0
        D:4 |     394 |       0 |   0.0 |      37 |       0 |   0.0
        D:5 |     676 |       0 |   0.0 |      15 |       0 |   0.0
        D:6 |     944 |     298 |  24.0 |      16 |       6 |  27.3
        D:7 |     492 |    1632 |  76.8 |      20 |      11 |  35.5
        D:8 |    1928 |    1648 |  46.1 |      19 |       7 |  26.9
        D:9 |    1805 |       0 |   0.0 |      22 |       0 |   0.0
       D:10 |    6877 |     361 |   5.0 |      37 |      20 |  35.1
       D:11 |    5667 |     852 |  13.1 |      15 |       1 |   6.2
       D:12 |    6844 |     967 |  12.4 |      20 |      21 |  51.2
       D:13 |    7412 |    2465 |  25.0 |      21 |       6 |  22.2
       D:14 |    7024 |    1654 |  19.1 |      23 |       2 |   8.0
       D:15 |    2894 |   10222 |  77.9 |       7 |      15 |  68.2
     Lair:1 |    5482 |     201 |   3.5 |      27 |       1 |   3.6
     Lair:2 |    4390 |     928 |  17.5 |      18 |       4 |  18.2
     Lair:3 |    5893 |    3748 |  38.9 |      26 |      16 |  38.1
     Lair:4 |    5402 |     944 |  14.9 |      17 |       2 |  10.5
     Lair:5 |   16232 |   14103 |  46.5 |      42 |      51 |  54.8
   Shoals:1 |   25612 |       0 |   0.0 |      51 |       0 |   0.0
   Shoals:2 |   15143 |       0 |   0.0 |      24 |       0 |   0.0
   Shoals:3 |   15013 |       0 |   0.0 |      30 |       0 |   0.0
   Shoals:4 |   15432 |   26116 |  62.9 |      36 |      43 |  54.4
    Snake:1 |    9409 |       0 |   0.0 |      23 |       0 |   0.0
    Snake:2 |    9602 |       0 |   0.0 |      22 |       0 |   0.0
    Snake:3 |   12396 |    3714 |  23.1 |      24 |       5 |  17.2
    Snake:4 |   25163 |   30899 |  55.1 |      52 |      39 |  42.9
      Orc:1 |    4825 |       0 |   0.0 |      38 |       0 |   0.0
      Orc:2 |    3974 |    8638 |  68.5 |      21 |      26 |  55.3
   Vaults:1 |   13114 |    9997 |  43.3 |      25 |      14 |  35.9
   Vaults:2 |   47048 |   19130 |  28.9 |      70 |      25 |  26.3
   Vaults:3 |   42040 |   11956 |  22.1 |      53 |      15 |  22.1
   Vaults:4 |   28786 |   29936 |  51.0 |      33 |      39 |  54.2
   Vaults:5 |   16516 |   92603 |  84.9 |      24 |      80 |  76.9
   Depths:1 |   13767 |    2720 |  16.5 |      19 |       5 |  20.8
   Depths:2 |   33787 |   13161 |  28.0 |      41 |      20 |  32.8
   Depths:3 |   27355 |   26115 |  48.8 |      32 |      31 |  49.2
   Depths:4 |    1558 |  111928 |  98.6 |       6 |     104 |  94.5
      Zot:1 |   21071 |       0 |   0.0 |      18 |       0 |   0.0
      Zot:2 |   29561 |    2045 |   6.5 |      24 |       2 |   7.7
            +---------+---------+-------+---------+---------+-------
